 Dungeon Crawl Stone Soup version 0.30-a0-297-g0ec75d9ef4 (webtiles) character file.

Game seed: 17933025596963973196

390564 sleeves the Worldbinder (level 22, -1/159 HPs)
             Began as a Vampire Reaver on Oct 18, 2022.
             Was an Initiate of Gozag.
             Killed from afar by a frost giant (39 damage)
             ... with a bolt of cold
             ... on level 3 of the Depths on Oct 19, 2022.
             The game lasted 02:50:22 (65593 turns).

sleeves the Worldbinder (Vampire Reaver)           Turns: 65593, Time: 02:50:23

Health: -1/159     AC: 21    Str: 19    XL:     22   Next: 8%
Magic:  11/36      EV: 17    Int: 27    God:    Gozag
Gold:   16101      SH: 23    Dex: 25    Spells: 17/41 levels left

rFire   + + .      SeeInvis +    Q - +10 rapier of Due Proportion {vamp, rC- rN+ Str+2 Dex+7}
rCold   . . .      Faith    .    y - +2 kite shield
rNeg    + + +      Spirit   .    W - +5 scale mail "Liruatuc" {Int+3}
rPois   +          Reflect  +    q - -2 hat of the Alchemist {rElec rPois rF+ rC+ rN+ Will+ rMut rCorr}
rElec   +          Harm     .    l - +2 cloak "Piog" {rPois rF+ Slay+3 SInv}
rCorr   +          Rampage  .    X - +2 pair of gloves {Dex+3}
rMut    +                        t - +1 pair of boots {Fly}
Will    +++..                    r - amulet of reflection
Stlth   +++++++...               n - ring of positive energy
HPRegen 0.66/turn                K - +6 ring of strength
MPRegen 0.25/turn

@: about to teleport, gold aura, flying, healing quickly, invisible
A: alive, fangs 3, see invisible, vampiric 2, hooves 1, poison resistance, wild
magic 1, no potion heal 1
}: 2/15 runes: barnacled, gossamer
a: Exsanguinate, Renounce Religion, Potion Petition, Call Merchant, Bribe Branch


You were on level 3 of the Depths.
You worshipped Gozag.
Gozag was extremely pleased with you.
You visited 9 branches of the dungeon, and saw 41 of its levels.
You also visited: Ossuary, Bailey, Ice Cave and Volcano.

You collected 22346 gold pieces.
You spent 6187 gold pieces at shops.
You paid 58 gold pieces to Gozag.

Inventory:

Hand Weapons
 Q - the +10 rapier of Due Proportion (weapon) {vamp, rC- rN+ Str+2 Dex+7}
   (You found it on level 2 of the Spider Nest)

   It occasionally heals its wielder for a portion of the damage dealt when it
   wounds a living foe.
   Str:       It affects your strength (+2).
   Dex:       It affects your dexterity (+7).
   rC:        It makes you vulnerable to cold.
   rN:        It protects you from negative energy.
Missiles
 E - 104 poisoned darts
 T - 14 curare-tipped darts
Armour
 l - the +2 cloak "Piog" (worn) {rPois rF+ Slay+3 SInv}
   (You found it on level 2 of the Depths)

   Slay:      It affects your accuracy & damage with ranged weapons and melee
   (+3).
   rF:        It protects you from fire.
   rPois:     It protects you from poison.
   SInv:      It lets you see invisible.
 q - the -2 hat of the Alchemist (worn) {rElec rPois rF+ rC+ rN+ Will+ rMut rCorr}
   (You bought it in a shop on level 2 of the Orcish Mines)

   rF:        It protects you from fire.
   rC:        It protects you from cold.
   rElec:     It insulates you from electricity.
   rPois:     It protects you from poison.
   rN:        It protects you from negative energy.
   rCorr:     It protects you from acid and corrosion.
   rMut:      It protects you from mutation.
   Will:      It increases your willpower.
 t - a +1 pair of boots of flying (worn)
   (You bought it in a shop on level 2 of the Orcish Mines)
 y - a +2 kite shield (worn)
   (You found it on level 1 of the Shoals)
 W - the +5 scale mail "Liruatuc" (worn) {Int+3}
   (You bought it in a shop on level 4 of the Vaults)

   Int:       It affects your intelligence (+3).
 X - a +2 pair of gloves of dexterity (worn)
   (You found it on level 4 of the Spider Nest)
Jewellery
 g - a ring of resist corrosion
   (You took it off a hobgoblin on level 1 of the Dungeon)
 n - a ring of positive energy (left hand)
   (You found it on level 2 of the Dungeon)
 r - an amulet of reflection (around neck)
   (You found it on level 2 of the Dungeon)
 G - a ring of protection from fire
   (You found it on level 12 of the Dungeon)
 K - a +6 ring of strength (right hand)
   (You found it on level 5 of the Dungeon)
Wands
 A - a wand of mindburst (13)
   (You found it on level 12 of the Dungeon)
 D - a wand of acid (28)
   (You found it on level 4 of the Dungeon)
 J - a wand of charming (13)
   (You found it on level 1 of the Shoals)
 L - a wand of roots (36)
   (You found it on level 8 of the Dungeon)
Scrolls
 f - 12 scrolls of enchant armour
 h - 5 scrolls of fear
 i - 12 scrolls of amnesia
 m - 8 scrolls of poison
 o - 17 scrolls of teleportation
 u - a scroll of silence
 x - 7 scrolls of enchant weapon
 z - 7 scrolls of vulnerability
 B - 11 scrolls of magic mapping
 I - 7 scrolls of butterflies
 M - 7 scrolls of blinking
 O - a scroll of torment
 U - 4 scrolls of immolation
Potions
 a - 2 potions of resistance
 c - 4 potions of cancellation
 d - 3 potions of berserk rage
 e - 6 potions of might
 j - 22 potions of haste
 k - 9 potions of heal wounds
 v - 2 potions of invisibility
 C - 15 potions of curing
 F - 8 potions of brilliance
 H - 5 potions of flight
 N - 9 potions of ambrosia
 P - 4 potions of mutation
 V - 6 potions of attraction
 Z - 5 potions of magic
Miscellaneous
 b - a phantom mirror
   (You found it on level 3 of the Elven Halls)
 p - a lightning rod (4/4)
   (You found it in a bailey)
 w - a condenser vane
   (You found it on level 13 of the Dungeon)
 R - a phial of floods
   (You found it on level 10 of the Dungeon)


   Skills:
 - Level 10.0 Fighting
 - Level 14.0 Short Blades
 - Level 10.0 Armour
 - Level 10.0 Dodging
 - Level 22.0 Stealth
 - Level 15.4 Shields
 - Level 10.0 Spellcasting
 - Level 2.1 Conjurations
 - Level 22.0 Hexes
 + Level 22.2 Summonings


You had 17 spell levels left.
You knew the following spells:

 Your Spells              Type           Power      Damage    Failure   Level
a - Kiss of Death         Conj/Necr      100%       2d13      17%         1
b - Confusing Touch       Hex            100%       N/A       1%          3
c - Summon Mana Viper     Hex/Summ       100%       N/A       1%          5
d - Enfeeble              Hex            53%        N/A       3%          7
e - Summon Horrible Thin  Summ           54%        N/A       19%         8

Your spell library contained the following spells:

 Spells                   Type           Power      Damage    Failure   Level
 Slow                     Hex            100%       N/A       1%          1
 Call Imp                 Summ           100%       N/A       1%          2
 Ensorcelled Hibernation  Hex/Ice        100%       N/A       1%          2
 Call Canine Familiar     Summ           100%       N/A       1%          3
 Portal Projectile        Hex/Tloc       100%       N/A       1%          3
 Cause Fear               Hex            53%        N/A       1%          4
 Fulminant Prism          Conj/Hex       40%        3d20      2%          4
 Leda's Liquefaction      Hex/Erth       38%        N/A       3%          4
 Summon Ice Beast         Ice/Summ       77%        N/A       3%          4
 Summon Lightning Spire   Summ/Air       77%        N/A       3%          4
 Monstrous Menagerie      Summ           54%        N/A       3%          7
 Yara's Violent Unravell  Hex/Tmut       38%        3d15      9%          5
 Magic Dart               Conj           100%       1d8       12%         1
 Searing Ray              Conj           64%        2d6       16%         2
 Foxfire                  Conj/Fire      100%       2x1d9     17%         1
 Shock                    Conj/Air       100%       1d9       17%         1
 Momentum Strike          Conj/Tloc      50%        3d9       24%         2
 Freeze                   Ice            68%        1d8       26%         1
 Sting                    Tmut/Pois      68%        1d6       26%         1
 Passwall                 Tmut/Erth      14%        N/A       34%         2
 Poisonous Vapours        Pois/Air       34%        N/A       34%         2
 Hailstorm                Conj/Ice       25%        3d7       43%         3
 Mephitic Cloud           Conj/Pois/Air  22%        N/A       47%         3
 Frozen Ramparts          Ice            34%        1d6       56%         3
 Gell's Gravitas          Tloc           17%        N/A       56%         3
 Ignite Poison            Fire/Tmut/Pois 17%        N/A       56%         3
 Kindle Blastsparks       Fire/Tloc/Air  34%        2d12      56%         3
 Lesser Beckoning         Tloc           34%        N/A       56%         3
 Swiftness                Air            17%        N/A       56%         3
 Teleport Other           Tloc           17%        N/A       56%         3
 Vampiric Draining        Necr           17%        2d7       56%         3
 Vhi's Electric Charge    Tloc/Air       34%        N/A       56%         3
 Malign Gateway           Summ/Tloc      38%        N/A       89%         7
 Dispel Undead            Necr           17%        3d10      91%         4
 Ice Form                 Ice/Tmut       17%        N/A       91%         4
 Olgreb's Toxic Radiance  Pois           17%        N/A       91%         4
 Iskenderun's Battlesphe  Conj           32%        2d8       94%         5
 Dragon's Call            Summ           54%        N/A       94%         9
 Arcjolt                  Conj/Air       12%        1d22      98%         5
 Fireball                 Conj/Fire      12%        3d7       98%         5
 Freezing Cloud           Conj/Ice/Air   11%        6-21      99%         5
 Conjure Ball Lightning   Conj/Air       12%        3x3d6     100%        6
 Dispersal                Tloc           8%         N/A       100%        6
 Starburst                Conj/Fire      12%        6d5       100%        6
 Dragon Form              Tmut           8%         N/A       100%        7
 Orb of Destruction       Conj           16%        9d7       100%        7
 Storm Form               Tmut/Air       8%         N/A       100%        7
 Maxwell's Capacitive Co  Air            8%         ∞         100%        8


Dungeon Overview and Level Annotations

Branches:
Dungeon (15/15)            Temple (1/1) D:4            Lair (5/5) D:10
 Shoals (4/4) Lair:2       Spider (4/4) Lair:3        Slime (0/5) Lair:5
    Orc (2/2) D:11            Elf (3/3) Orc:2        Vaults (4/5) D:13
  Crypt (0/3) Vaults:2     Depths (3/4) D:15        Ossuary (visited)
 Bailey (visited)           IceCv (visited)         Volcano (visited)

Altars:
Ashenzari
Cheibriados
Dithmenos
Fedhas
Gozag
Hepliaklqana
Kikubaaqudgha
Makhleb
Nemelex Xobeh
Okawaru
Qazlal
Ru
Sif Muna
Trog
Uskayaw
Vehumet
Wu Jian
Xom
Yredelemnul
Jiyva

Shops:
D:1 ?!   D:4 *   D:6 *   Orc:1 (   Orc:2 :?=[*!*?   Shoals:3 [**(*   Vaults:1 (
Vaults:2 !   Vaults:3 *   Vaults:4 *=*   Depths:1 (

Portals:
Hell: Depths:1 Depths:2
Pandemonium: Depths:2
Ziggurat: Depths:1

Annotations:
D:13 Frances
D:14 Roxanne
D:15 1 runed translucent door, Tecuw's ghost, journeyman HOFi
Shoals:1 1 runed translucent door, Tuwaoge's ghost, adept MiFi
Shoals:3 Polyphemus
Spider:1 exclusion: downstairs
Spider:3 exclusion: downstairs
Elf:1 1 transporter
Elf:2 5 runed translucent doors
Depths:3 the Enchantress


Innate Abilities, Weirdness & Mutations

Your natural rate of healing is accelerated.
You have razor-sharp teeth.
You have supernaturally acute eyesight. (SInv)
You are afflicted with vampirism and can become a bat while bloodless.
You have large cloven feet.
Your system is resistant to poisons. (rPois)
Your spells are a little harder to cast, but a little more powerful.
Potions are less effective at restoring your health.


Message History

The naga ritualist mumbles some strange prayers to its god.
The naga ritualist begins to radiate toxic energy.
Casting: Summon Mana Viper (mildly dangerous; 1% risk of failure)
Confirm with . or Enter, or press ? or * to list all spells.
A mana viper appears with a sibilant hiss.
You feel sick.
You feel sick.
You are no longer poisoned.
The naga ritualist spits poison at you.
The splash of poison hits you but does no damage.
You resist.
The naga mage casts a spell.
The naga mage seems to speed up.
The naga ritualist utters an invocation to its god.
The naga ritualist begins to radiate toxic energy.
You are poisoned.
You see here 5 gold pieces.
The naga ritualist is enfeebled!
* * * LOW MAGIC WARNING * * *
You feel sick.
You are more poisoned.
The naga ritualist misses your mana viper.
Your mana viper barely misses the naga ritualist.
You swap places.
You feel sick.
You are more poisoned.
The naga mage casts a spell at the naga ritualist.
The naga ritualist seems to grow toxic.
The naga ritualist is lost in a daze.
You see here 5 gold pieces.
You hit the naga ritualist.
The naga ritualist is lightly wounded.
You feel sick.
The naga ritualist's toxic aura wanes.
Your mana viper barely misses the naga ritualist.
The naga ritualist is lost in a daze.
You puncture the naga ritualist!
You feel better.
The naga ritualist is moderately wounded.
You feel sick.
The naga ritualist's toxic aura wanes.
Your mana viper bites the naga ritualist.
You strike the helpless naga ritualist from behind!
You spit the naga ritualist like a pig!!!!
You kill the naga ritualist!
You feel sick.
You swap places.
You feel sick.
The naga ritualist utters an invocation to its god.
The naga ritualist begins to radiate toxic energy.
The naga mage spits poison at you. The splash of poison misses you.
There is an open door, spattered with blood here.
Items here: $ )) [[.
You hit the naga ritualist.
You feel better.
The naga ritualist is moderately wounded.
You feel sick.
You are more poisoned.
You block the naga ritualist's attack. The naga ritualist misses you.
The naga mage closely misses you. You block the naga mage's attack.
You hit the naga ritualist.
The naga ritualist is moderately wounded.
You feel sick. You block the naga mage's attack.
The naga mage closely misses you.
You puncture the naga ritualist! You bite the naga ritualist.
The naga ritualist is heavily wounded.
You feel sick. The naga ritualist spits poison at you.
The splash of poison reflects off an invisible shield around you!
The splash of poison hits the naga ritualist.
You block the naga mage's attack. The naga mage closely misses you.
You puncture the naga ritualist!
The naga ritualist is severely wounded.
You feel sick.
You are more poisoned.
The naga ritualist mumbles some strange prayers to its god against you.
You resist with almost no effort.
You puncture the naga ritualist!
You kill the naga ritualist!
You feel sick. You block the naga mage's attack. x2
You puncture the naga mage!
You feel better.
The naga mage is moderately wounded.
You feel sick. You block the naga mage's attack. x2
You puncture the naga mage!
You feel better.
The naga mage is heavily wounded.
You feel sick. The naga mage barely misses you.
The naga mage completely misses you.
You hit the naga mage. Your bite misses the naga mage.
The naga mage is severely wounded.
You feel sick. You block the naga mage's attack. x2
You puncture the naga mage!
You feel better.
You kill the naga mage!
You feel sick.
No target in view!
No target in view!
No target in view!
No target in view!
No target in view!
No target in view!
No target in view!
No target in view!
No target in view!
No target in view!
No target in view!
No target in view!
No target in view!
No target in view!
You feel sick.
You feel sick.
You feel sick.
Your mana viper disappears in a puff of smoke!
You feel sick.
You feel sick.
You are no longer poisoned.
You now have 15870 gold pieces (gained 43).
There is an open door, spattered with blood here.
Items here: )) [[.
You now have 15891 gold pieces (gained 21).
Things that are here:
a +0 battleaxe; a +0 robe You now have 15909 gold pieces (gained 18).
You see here a +0 halberd.
There is an open door, spattered with blood here.
Items here: )) [[.
You now have 15914 gold pieces (gained 5).
You now have 15919 gold pieces (gained 5).
Key pressed, stopping explore.
You reach down and open the door.
Found a scroll of identify.
There is an open door here.
A mana viper, a naga ritualist and a naga mage come into view.
The naga mage is wielding a +0 spear of venom.
Found a wand of charming (2) and a glowing demon trident.
There are monsters nearby!
A green death, a lich and a nagaraja come into view.
Found a ring of resist corrosion and 22 gold pieces.
A naga mage comes into view. It is wielding a +0 whip.
The lich casts a spell.
The lich flickers and vanishes for a moment.
The mana viper hisses angrily.
You hear a shout! x3
There is an open door here.
The mana viper is enfeebled!
The mana viper barely misses you.
You puncture the mana viper! You bite the mana viper.
The mana viper is heavily wounded.
The mana viper is lost in a daze.
You catch the helpless mana viper completely off-guard!
You stick the mana viper like a pincushion!!!!
You kill the mana viper!
You block the lich's attack.
The lich partially resists.
The lich is enfeebled!
The lich touches you but does no damage.
Casting: Enfeeble (dangerous; 3% risk of failure)
Confirm with . or Enter, or press ? or * to list all spells.
A mana viper appears with a sibilant hiss.
The lich touches you.
You closely miss the lich. You bite the lich, but do no damage.
You hit the lich but do no damage. You block the lich's attack.
You hit the lich.
The lich is lightly damaged.
The lich closely misses you.
You puncture the lich!
The lich is lightly damaged.
Your mana viper bites the lich but does no damage.
You catch the helpless lich completely off-guard!
You stick the lich like a pincushion!!!
You destroy the lich!
The nagaraja hits you with a +0 club! You block the nagaraja's attack.
Your mana viper barely misses the nagaraja.
You see here 5 gold pieces.
You impale the nagaraja!!
You bite the nagaraja, but do no damage.
The nagaraja is moderately wounded.
You block the nagaraja's attack. x2; Your mana viper bites the nagaraja!!
The nagaraja's magic leaks into the air.
You hit the nagaraja.
The nagaraja is heavily wounded.
The nagaraja spits poison at you. The splash of poison misses you.
Your mana viper misses the nagaraja.
You hit the nagaraja.
The nagaraja is heavily wounded.
You puncture the nagaraja!
You feel better.
The nagaraja is severely wounded.
Your mana viper bites the nagaraja!
The nagaraja's magic leaks into the air.
The nagaraja is distracted by your dazzling golden aura.
The nagaraja shouts!
You hit the nagaraja.
You feel better.
The nagaraja is no longer distracted by gold.
The nagaraja is almost dead.
You hear a roar!
Your mana viper misses the nagaraja.
You hit the nagaraja.
You feel better.
The nagaraja is almost dead.
Your mana viper bites the nagaraja.
The nagaraja's magic leaks into the air.
You block the nagaraja's attack. The nagaraja grabs you.
The nagaraja constricts you.
You hit the nagaraja.
You kill the nagaraja!
No target in view!
No target in view!
A green death is nearby!
A green death is nearby!
A green death is nearby!
Things that are here:
14 gold pieces; a +0 club; a +0 robe You barely miss the green death.
You bite the green death, but do no damage.
You hit the green death but do no damage.
The green death misses you.
You barely miss the green death. You puncture the green death!
The green death is lightly wounded.
You block the green death's attack.
Your mana viper bites the green death!
The green death's magic leaks into the air.
You puncture the green death! Your bite misses the green death.
The green death is heavily wounded.
Your mana viper bites the green death.
The green death's magic leaks into the air.
The green death hits you but does no damage.
You puncture the green death! You bite the green death.
The green death is severely wounded.
Your mana viper bites the green death.
The green death's magic leaks into the air.
You puncture the green death!
You kill the green death!
No target in view!
No target in view!
A naga mage is nearby!
A naga mage is nearby!
A naga mage is nearby!
A naga mage is nearby!
The naga mage spits poison at you. The splash of poison misses you.
There is an open door here.
You see here 16 gold pieces.
The naga mage spits poison at you. The splash of poison hits you. You resist.
You block the naga mage's attack. x2
The naga mage gestures at you while chanting.
The bolt of poison hits you. You resist.
You completely miss the naga mage. You bite the naga mage.
The naga mage is lightly wounded.
Your mana viper disappears in a puff of smoke!
The naga mage points at you and mumbles some strange words.
The bolt of poison misses you.
You hit the naga mage but do no damage. You bite the naga mage!
The naga mage is moderately wounded.
The naga ritualist mumbles some strange prayers to its god.
The naga ritualist begins to radiate toxic energy.
The naga mage mumbles some strange words.
The naga mage seems to speed up.
You puncture the naga mage!
You feel better.
The naga mage is heavily wounded.
You block the naga mage's attack. The naga mage barely misses you.
You puncture the naga mage!
The naga mage is almost dead.
The naga mage spits poison at you.
The splash of poison reflects off an invisible shield around you!
The splash of poison hits the naga mage but does no damage.
The naga mage is enfeebled!
The naga mage spits poison at you. The splash of poison misses you.
The naga mage casts a spell.
The naga mage seems to speed up.
The naga mage is lost in a daze.
Casting: Enfeeble (dangerous; 3% risk of failure)
Confirm with . or Enter, or press ? or * to list all spells.
A mana viper appears with a sibilant hiss.
The naga mage spits poison at you. The splash of poison misses you.
The naga mage points at you and mumbles some strange words.
The bolt of poison hits you. You resist.
The bolt of poison hits your mana viper.
Your mana viper is poisoned.
You hit the naga mage.
The naga mage is almost dead.
You block the naga mage's attack.
Found a +0 whip, a +0 robe and a tin of tremorstones (2/2).
You are poisoned.
The naga mage gestures at you while chanting.
The bolt of poison hits you.
You are more poisoned.
You resist. You block the naga mage's attack.
You strike the helpless naga mage from behind!
You spit the naga mage like a pig!!!
You kill the naga mage!
You feel sick.
The naga ritualist's toxic aura wanes.
The naga mage hits you but does no damage.
You hit the naga ritualist.
You feel better.
The naga ritualist is lightly wounded.
You feel sick.
Your mana viper bites the naga mage!
The naga mage's magic leaks into the air.
You hit the naga ritualist.
You feel better.
The naga ritualist is moderately wounded.
You feel sick. The naga mage spits poison at you.
The splash of poison reflects off an invisible shield around you!
The splash of poison hits the naga mage.
The naga mage completely resists.
Your mana viper bites the naga mage!
The naga mage's magic leaks into the air.
The naga ritualist spits poison at you.
The splash of poison hits you but does no damage.
You resist.
You puncture the naga ritualist!
You feel better.
The naga ritualist is moderately wounded.
You feel sick.
The naga mage falters for a moment.
Your mana viper barely misses the naga mage.
You puncture the naga ritualist!
You feel better.
The naga ritualist is heavily wounded.
You feel sick.
Your mana viper looks more healthy.
You block the naga mage's attack.
Your mana viper bites the naga mage.
The naga mage's magic leaks into the air.
The naga ritualist spits poison at you.
The splash of poison hits you but does no damage.
You are more poisoned.
You resist.
You hit the naga ritualist.
You feel better.
The naga ritualist is heavily wounded.
You feel sick. The naga mage spits poison at you.
The splash of poison reflects off an invisible shield around you!
The splash of poison hits the naga mage.
Your mana viper barely misses the naga mage.
You hit the naga ritualist but do no damage.
The naga ritualist is heavily wounded.
You feel sick.
The naga ritualist completely misses you.
You block the naga ritualist's attack.
The naga mage is distracted by your dazzling golden aura.
Your mana viper bites the naga mage.
The naga mage's magic leaks into the air.
The naga mage is no longer distracted by gold.
You hit the naga ritualist but do no damage.
The naga ritualist is heavily wounded.
You feel sick. You block the naga ritualist's attack.
The naga ritualist completely misses you.
You hit the naga ritualist.
You feel better.
The naga ritualist is heavily wounded.
You feel sick.
Your mana viper bites the naga mage!!
The naga mage dies!
You barely miss the naga ritualist.
The naga ritualist is heavily wounded.
You feel sick.
The naga ritualist prays to its god.
The naga ritualist begins to radiate toxic energy.
You hit the naga ritualist.
The naga ritualist is heavily wounded.
You feel sick.
Your mana viper bites the naga ritualist.
You hit the naga ritualist but do no damage.
The naga ritualist is heavily wounded.
You feel sick. The naga ritualist closely misses you.
You block the naga ritualist's attack.
Your mana viper bites the naga ritualist.
You closely miss the naga ritualist.
The naga ritualist is severely wounded.
You feel sick.
Your mana viper bites the naga ritualist!!
You strike the helpless naga ritualist from behind!
You stick the naga ritualist like a pincushion!!!
You kill the naga ritualist!
You feel sick.
You have reached level 22!
You feel sick.
You feel sick.
You feel sick.
You feel sick.
You feel sick.
You are no longer poisoned.
Your mana viper disappears in a puff of smoke!
Key pressed, stopping explore.
Key pressed, stopping explore.
You now have 15936 gold pieces (gained 17).
Things that are here:
a +4 great sword of draining; a +0 robe You now have 15951 gold pieces (gained 15).
Things that are here:
a +0 spear of venom; a +0 robe You now have 15970 gold pieces (gained 19).
Things that are here:
a +0 long sword; the +2 robe of the Rotten God {-Cast rPois rCorr}
Okay, then.
You now have 15992 gold pieces (gained 22).
J - a wand of charming (13) (gained 2 charges)
You see here a scroll of identify.
You now have 16008 gold pieces (gained 16).
There is an open door here.
You now have 16022 gold pieces (gained 14).
Things that are here:
a +0 club; a +0 robe You now have 16027 gold pieces (gained 5).
You now have 16030 gold pieces (gained 3).
Things that are here:
a +0 club; a +0 robe
There is an open door here.
Things that are here:
a +0 spear of venom; a +0 robe You see here a +2 demon trident of electrocution.
Things that are here:
a +0 spear of venom; a +0 robe
There is an open door here.
You reach down and open the door.
A naga mage and a mana viper come into view.
The naga mage is wielding a +1 antimagic whip.
There is an open door here.
There are monsters nearby!
A mana viper comes into view.
Found 2 potions of heal wounds and an amulet of reflection.
The naga mage shouts!
You hear a shout!
The naga mage spits poison at you.
The splash of poison reflects off an invisible shield around you!
The splash of poison hits the naga mage.
The naga mage completely resists.
A green death comes into view.
A lich comes into view.
The naga mage gestures at you while chanting.
The bolt of poison misses you.
The lich moves out of view.
The green death roars!
The naga mage mumbles some strange words.
The naga mage seems to speed up.
There is an open door here.
Casting: Summon Mana Viper (mildly dangerous; 1% risk of failure)
Confirm with . or Enter, or press ? or * to list all spells.
Aiming: Enfeeble (dangerous; 3% risk of failure)
Press: ? - help, Shift-Dir - straight line, f - mana viper
Aim: a mana viper (will inflict weakness, chance to daze and blind: 75%)
The mana viper partially resists.
The mana viper is enfeebled!
The mana viper hisses angrily.
The mana viper is enfeebled!
The naga mage gestures at you while chanting.
The bolt of poison hits the mana viper!
The bolt of poison hits you. You resist. The mana viper misses you.
You barely miss the mana viper.
The mana viper is lightly wounded.
The mana viper misses you.
You closely miss the mana viper. Your bite misses the mana viper.
The mana viper is lightly wounded.
The lich gestures wildly while chanting.
The lich flickers and vanishes for a moment.
A green death comes into view.
The mana viper is lost in a daze.
You puncture the mana viper!
You feel better.
The mana viper is heavily wounded.
The mana viper is lost in a daze.
You hit the mana viper.
The mana viper is heavily wounded.
You catch the helpless mana viper completely off-guard!
You skewer the mana viper like a kebab!!!
You kill the mana viper!
You block the mana viper's attack.
The mana viper partially resists.
The mana viper is enfeebled!
You block the mana viper's attack. The naga mage spits poison at you.
The splash of poison hits you but does no damage.
You are poisoned.
You resist.
You barely miss the mana viper.
You feel sick.
The lich mumbles some strange words.
The lich seems to speed up.
You block the mana viper's attack.
You hit the mana viper. You bite the mana viper.
The mana viper is lightly wounded.
You feel sick.
The mana viper bites you but does no damage.
You puncture the mana viper!
You feel better.
The mana viper is moderately wounded.
You block the mana viper's attack.
You hit the mana viper.
The mana viper is heavily wounded.
You feel sick.
You puncture the mana viper!
You feel better.
The mana viper is severely wounded.
The mana viper bites you but does no damage.
Casting: Enfeeble (dangerous; 3% risk of failure)
Confirm with . or Enter, or press ? or * to list all spells.
A mana viper appears with a sibilant hiss.
You feel sick.
The mana viper bites you but does no damage.
The green death gestures at you. The bolt of poison hits you! You resist.
The lich partially resists.
The lich is enfeebled!
* * * LOW MAGIC WARNING * * *
You feel sick.
You are no longer poisoned.
The mana viper is no longer weakened.
The naga mage spits poison at you.
The splash of poison reflects off an invisible shield around you!
The splash of poison hits the naga mage but does no damage.
The naga mage is poisoned.
The green death gestures at you. The poison arrow misses you.
Your mana viper bites the green death but does no damage.
The lich is distracted by your dazzling golden aura.
The lich shouts!
You hit the lich but do no damage.
The lich is no longer distracted by gold.
You block the naga mage's attack. x2; The green death completely misses you.
Your mana viper bites the green death!
The green death's magic leaks into the air.
You hit the lich but do no damage. You block the lich's attack.
The naga mage hits you but does no damage.
The naga mage closely misses you.
Your mana viper bites the green death!
The green death's magic leaks into the air.
The mana viper closely misses you.
You puncture the mana viper!
You feel better.
The mana viper is almost dead.
The lich touches you. You block the green death's attack.
You hit the mana viper.
You feel better.
The mana viper is almost dead.
The mana viper closely misses you.
Your mana viper bites the green death but does no damage.
The lich touches you. You block the green death's attack.
You miss the mana viper. You bite the mana viper.
The mana viper is almost dead.
You block the mana viper's attack.
Your mana viper bites the green death!
The green death's magic leaks into the air.
The lich misses you.
You puncture the mana viper!
You feel better.
You kill the mana viper!
The green death hits you! You block the lich's attack.
You block the green death's attack.
Your mana viper bites the green death.
The green death's magic leaks into the air.
You barely miss the green death.
The green death is heavily wounded.
You block the lich's attack.
Your mana viper bites the green death!!
The green death's magic leaks into the air.
You puncture the green death! You bite the green death.
The green death is almost dead.
The green death falters for a moment.
You block the green death's attack.
You puncture the green death!
You kill the green death!
The lich closely misses you.
Your mana viper bites the green death.
The green death's magic leaks into the air.
The naga mage is distracted by your dazzling golden aura.
The naga mage shouts!
Your Summonings skill increases to level 22!
You closely miss the lich.
The green death's magic is no longer disrupted.
The naga mage looks more healthy.
The lich conjures an orb of pure magic.
The orb of destruction reflects off an invisible shield around you!
The wavering orb of destruction hits the lich!!!
The green death gestures at you. The bolt of poison hits you. You resist.
Your mana viper bites the green death!
The green death's magic leaks into the air.
You hit the lich.
The lich is heavily damaged.
The naga mage is no longer distracted by gold.
The lich completely misses you.
The naga mage is distracted by your dazzling golden aura.
Your mana viper bites the green death!
The green death's magic leaks into the air.
You block the green death's attack.
The naga mage shouts!
You puncture the lich!
The lich is severely damaged.
The lich is distracted by your dazzling golden aura.
Your mana viper bites the green death!
The green death's magic leaks into the air.
The lich shouts!
You barely miss the lich.
The lich is no longer distracted by gold.
The lich is severely damaged.
The lich is distracted by your dazzling golden aura.
The green death falters for a moment.
You closely miss the lich.
The lich is no longer distracted by gold.
The lich shouts!
The lich is severely damaged.
Your mana viper barely misses the green death.
The lich falters for a moment.
You impale the lich!! You bite the lich.
The lich is almost destroyed.
The naga mage is no longer distracted by gold.
Your mana viper bites the green death.
The green death's magic leaks into the air.
The green death completely misses your mana viper.
The lich touches you but does no damage.
You hit the lich but do no damage. You bite the lich.
The lich is almost destroyed.
Your mana viper bites the green death.
The green death's magic leaks into the air.
The green death hits your mana viper!!
The lich falters for a moment.
You barely miss the lich.
The lich is almost destroyed.
Your mana viper bites the green death.
The green death's magic leaks into the air.
You block the naga mage's attack. The naga mage closely misses you.
You completely miss the lich.
The lich is almost destroyed.
The lich misses you.
Your mana viper bites the green death!!
The green death dies!
You block the naga mage's attack. The naga mage grabs you.
The naga mage constricts you.
You puncture the lich!
You destroy the lich!
Your mana viper barely misses the naga mage.
The naga mage closely misses you. The naga mage constricts you.
You barely miss the naga mage. You bite the naga mage!
The naga mage is moderately wounded.
Your mana viper bites the naga mage!
The naga mage's magic leaks into the air.
You catch the helpless naga mage completely off-guard!
You stick the naga mage like a pincushion!!!
You kill the naga mage!
No target in view!
No target in view!
No target in view!
No target in view!
No target in view!
No target in view!
No target in view!
No target in view!
No target in view!
Your mana viper disappears in a puff of smoke!
You now have 16071 gold pieces (gained 41).
Things that are here:
a +1 antimagic whip; a +0 robe You now have 16086 gold pieces (gained 15).
Things that are here:
a +1 antimagic whip; a +0 robe You now have 16094 gold pieces (gained 8).
You now have 16101 gold pieces (gained 7).
Things that are here:
a +1 antimagic whip; a +0 robe
There is an open door here.
k - 12 potions of heal wounds (gained 2)
You see here the +2 cloak "Piog" {rPois rF+ Slay+3 SInv}.
There is an open door here.
There is an open door, spattered with blood here.
Items here: )) [[.
Things that are here:
a +0 battleaxe; a +0 robe
Things that are here:
a +0 battleaxe; a +0 robe
There is an open door, spattered with blood here.
Items here: )) [[.
There is an open door here.
There is a stone staircase leading up here.
There is an open door here.
Things that are here:
a +0 robe; a +0 dagger Done exploring.
Search for what [? for help]? cloa
Things that are here:
a +0 robe; a +0 dagger
There is an open door here.
There is an open door here.
There is an open door here.
You see here the +2 cloak "Piog" {rPois rF+ Slay+3 SInv}.
l - the +2 cloak "Piog" {rPois rF+ Slay+3 SInv} You start removing your armour.
You continue taking off your +0 cloak of willpower. x4
You finish taking off your +0 cloak of willpower.
You feel less strong-willed.
You start putting on your armour.
You continue putting on the +2 cloak "Piog" {rPois rF+ Slay+3 SInv}. x5
You finish putting on the +2 cloak "Piog" {rPois rF+ Slay+3 SInv}.
Unknown command.
You drop a +0 cloak of willpower.
Okay, then.
Okay, then.
Okay, then.
Okay, then.
Unknown command.
You're wearing all the rings you can.
Remove which one? (? for menu, Esc to cancel) < or
G - a ring of protection from fire; > or
K - a +6 ring of strength You remove your ring of protection from fire.
n - a ring of positive energy (left hand) Unknown command.
Okay, then.
Done exploring.
Done exploring.
Done exploring.
Done exploring.
(D) Dungeon (T) Temple (L) Lair (A) Shoals (N) Spider Nest (M) Slime Pits (O) Orcish Mines (E) Elven Halls (V) Vaults (C) Crypt (U) Depths (H) Hell
Where to? (Enter - Depths:2 @ (x,y), ? - help)
There is an open door here.
There is an open door here.
There is a stone staircase leading up here.
There is an open door here.
There is an open door here.
There is a stone staircase leading down here.
You fly downwards.
Found a club, a potion of might and a potion of heal wounds.
There is a stone staircase leading up here.
There are monsters nearby!
Unknown command.
The helpless deep troll fails to defend itself.
You stick the deep troll like a pincushion!!!!!
You kill the deep troll!
The spriggan defender shouts!
The spriggan air mage shouts!
The spriggan berserker shouts!
The Enchantress shouts!
The spriggan defender shouts! x2; The spriggan rider shouts!
The spriggan shouts!
The deep troll shaman shouts!
The deep troll earth mage shouts! x2
The deep troll earth mage completely misses you.
You block the deep troll earth mage's attack. x2
The deep troll earth mage bites you but does no damage.
The deep troll earth mage closely misses you.
The deep troll earth mage misses you.
The spriggan berserker utters an invocation to Trog.
The polar bear goes berserk!
An ettin comes into view. It is wielding two +0 dire flails.
The spriggan air mage waves its arms in wide circles.
The air twists around and strikes you.
The deep troll earth mage shouts!
The spriggan berserker shouts!
The ettin shouts in stereo!
The lich shouts!
You puncture the spriggan!
The spriggan is moderately wounded.
The deep troll earth mage bites you.
You block the deep troll earth mage's attack. x4
The deep troll earth mage claws you but does no damage.
The Enchantress gestures wildly while chanting.
The Enchantress seems to speed up.
Unknown command.
Okay, then.
Press: ? - help, v - describe, . - travel
Here: a spriggan defender, wielding a +6 spectral lajatang and wearing a +0 robe A stone staircase leading up.
Unknown command.
Unknown command.
As you read the scroll of teleportation, it crumbles to dust.
You feel strangely unstable.
The spriggan defender is distracted by your dazzling golden aura.
The spriggan defender closely misses you.
The spriggan berserker prays to Trog.
The spriggan berserker goes berserk!
You block the spriggan's attack.
You block the deep troll earth mage's attack. x2
The deep troll earth mage barely misses you.
The deep troll earth mage closely misses you.
The deep troll earth mage claws you!
The deep troll earth mage closely misses you.
You block the spriggan defender's attack.
The spriggan defender is distracted by your dazzling golden aura.
The spriggan air mage waves its arms in wide circles.
The air twists around and strikes you!
The spriggan defender shouts! x2
The deep troll earth mage attacks as you move away!
You block the deep troll earth mage's attack.
The deep troll earth mage claws you.
The deep troll earth mage completely misses you.
The polar bear misses you.
The polar bear claws you but does no damage.
You block the polar bear's attack.
The spriggan berserker utters an invocation to Trog.
The elephant goes berserk!
The deep troll shaman calls upon its god to strengthen the deep troll earth mage.
The deep troll earth mage seems to grow stronger.
The deep troll earth mage attacks as you move away!
You block the deep troll earth mage's attack.
The deep troll earth mage claws you!
You block the deep troll earth mage's attack.
The spriggan defender attacks as you move away!
The spriggan defender hits you with a +6 spectral lajatang.
Your surroundings seem slightly different.
The spriggan defender is no longer distracted by gold.
The spriggan berserker is distracted by your dazzling golden aura.
The spriggan berserker utters an invocation to Trog.
The spriggan berserker goes berserk!
You block the ettin's attack. The ettin completely misses you.
As you read the scroll of teleportation, it crumbles to dust.
You feel strangely unstable.
The spriggan defender is no longer distracted by gold.
The spriggan air mage waves its arms in wide circles.
The air twists around and strikes you! You block the spriggan's attack.
You block the ettin's attack. x2
The elephant rages.
The spriggan attacks as you move away! You block the spriggan's attack.
The ettin attacks as you move away! You block the ettin's attack.
The ettin hits you with a +0 dire flail!!!
* * * LOW HITPOINT WARNING * * *
The spriggan defender attacks as you move away!
The spriggan defender hits you but does no damage.
The Enchantress hits you but does no damage.
The spriggan defender hits you with a +3 rapier of draining!
* * * LOW HITPOINT WARNING * * *
The spriggan air mage waves its arms in wide circles.
The air twists around and strikes you!
* * * LOW HITPOINT WARNING * * *
The Enchantress hits you with a +2 vorpal flail.
* * * LOW HITPOINT WARNING * * *
x2 Blink to where?
Press: ? - help, Dir - move target
Found 30 gold pieces.
As you read the scroll of blinking, it crumbles to dust.
Your surroundings suddenly seem different.
An anaconda, a walking crystal tome and an ice dragon come into view.
Found 21 gold pieces and a book of Blasting.
You hear a shout! x2
The walking crystal tome hits you!
* * * LOW HITPOINT WARNING * * *
Press: ? - help, v - describe, . - travel
Here: a walking crystal tome The floor.
Your system partially rejects the healing.
You feel much better.
You hear a shout! x3; You hear an angry growl.
You hear a shout!
Casting: Enfeeble (dangerous; 3% risk of failure)
Confirm with . or Enter, or press ? or * to list all spells.
Aiming: Enfeeble (dangerous; 3% risk of failure)
Press: ? - help, Shift-Dir - straight line, f - walking crystal tome
Aim: a walking crystal tome (will inflict weakness and antimagic)
The walking crystal tome partially resists.
The walking crystal tome is enfeebled!
The anaconda hisses angrily.
The ice dragon roars deafeningly!
You hear a shout! x2
The anaconda changes into a great orb of eyes!
You hear a shout!
You hear an angry growl.
You block the walking crystal tome's attack.
You hear a trumpeting!
You hear a shout!
Okay, then.
Unknown command.
Casting: Enfeeble (dangerous; 3% risk of failure)
Confirm with . or Enter, or press ? or * to list all spells.
You hear a shout!
You hear an angry growl.
You hear a shout!
You hear an angry growl.
You hear a shout!
A deep troll shaman comes into view.
The great orb of eyes bites your large abomination!
You swap places.
A spriggan defender comes into view. It is wielding a +1 vampiric lajatang.
You hear a shout! x2
You block the spriggan defender's attack.
The walking crystal tome falters for a moment.
Something hits your large abomination!!
Your large abomination hits the walking crystal tome!!
Your tentacled monstrosity barely misses the walking crystal tome.
Your tentacled monstrosity tentacle-slaps the walking crystal tome but does no damage. x2
Your tentacled monstrosity grabs the walking crystal tome.
Your tentacled monstrosity constricts the walking crystal tome.
You swap places.
A stone giant comes into view.
Found 87 gold pieces.
You hear an angry growl.
You hear a shout!
Something hits your large abomination but does no damage.
You block the stone giant's attack.
You hear a grinding noise.
The walking crystal tome erupts in a flurry of living spells!
Your large abomination hits the walking crystal tome!
Your tentacled monstrosity tentacle-slaps the walking crystal tome. x3
Your tentacled monstrosity constricts the walking crystal tome.
You fade into invisibility!
The spriggan defender misses you.
Your large abomination hits the walking crystal tome!
Your large abomination hits the walking crystal tome but does no damage.
The deep troll shaman bites your large abomination!
Your large abomination is destroyed!
Your large abomination disappears in a puff of smoke!
The walking crystal tome hits your tentacled monstrosity.
The stone giant closely misses you. The living spell casts itself at you.
The crystal spear hits your large abomination!!!
Your large abomination is destroyed!
Your large abomination disappears in a puff of smoke!
Your tentacled monstrosity tentacle-slaps the walking crystal tome but does no damage.
Your tentacled monstrosity tentacle-slaps the walking crystal tome!
Your tentacled monstrosity tentacle-slaps the walking crystal tome but does no damage.
Your tentacled monstrosity constricts the walking crystal tome!
Your system partially rejects the healing.
You feel much better.
You block the spriggan defender's attack.
You hear a shout!
You block the spriggan defender's attack.
You block the stone giant's attack.
A vampire mage comes into view.
The living spell casts itself at the deep troll shaman.
The crystal spear misses your tentacled monstrosity.
The crystal spear hits the deep troll shaman!!!
The deep troll shaman dies!
Your tentacled monstrosity tentacle-slaps the walking crystal tome. x2
Your tentacled monstrosity tentacle-slaps the walking crystal tome but does no damage.
Your tentacled monstrosity constricts the walking crystal tome.
Your system partially rejects the healing.
You feel much better.
You hear a shout!
You hear an angry growl.
You block the spriggan defender's attack.
You hear a shout!
The ice dragon bites your tentacled monstrosity but does no damage.
The ice dragon barely misses your tentacled monstrosity.
The ice dragon tramples your tentacled monstrosity!
Your tentacled monstrosity holds its ground!
The walking crystal tome hits your tentacled monstrosity.
You block the stone giant's attack.
Your tentacled monstrosity tentacle-slaps the ice dragon!
Your tentacled monstrosity tentacle-slaps the ice dragon but does no damage.
Your tentacled monstrosity tentacle-slaps the ice dragon!
Your tentacled monstrosity constricts the walking crystal tome.
Casting: Summon Horrible Things (dangerous; 21% risk of failure)
Confirm with . or Enter, or press ? or * to list all spells.
Aiming: Enfeeble (dangerous; 3% risk of failure)
Press: ? - help, Shift-Dir - straight line, f/p - walking crystal tome
Aim: a walking crystal tome (almost destroyed, constricted by your tentacled monstrosity, unable to see you, weak, magic disrupted, will inflict weakness and antimagic)
The spriggan defender is enfeebled!
You block the spriggan defender's attack.
The spriggan defender is lost in a daze.
The stone giant misses you.
Your tentacled monstrosity closely misses the ice dragon.
Your tentacled monstrosity tentacle-slaps the ice dragon.
Your tentacled monstrosity tentacle-slaps the ice dragon!
Your tentacled monstrosity constricts the walking crystal tome.
You impale the spriggan defender!!
You feel better.
The spriggan defender is moderately wounded.
You block the spriggan defender's attack.
You miss the spriggan defender.
The spriggan defender is moderately wounded.
The walking crystal tome barely misses your tentacled monstrosity.
The ice dragon bites your tentacled monstrosity!
The ice dragon claws your tentacled monstrosity.
The ice dragon tramples your tentacled monstrosity!
Your tentacled monstrosity holds its ground!
You block the stone giant's attack.
You hear a trumpeting!
The spriggan defender hits your tentacled monstrosity with a +1 vampiric lajatang!
Your tentacled monstrosity tentacle-slaps the ice dragon!
Your tentacled monstrosity tentacle-slaps the ice dragon. x2
Your tentacled monstrosity constricts the walking crystal tome!
You strike the helpless spriggan defender from behind!
You spit the spriggan defender like a pig!!!!
You feel better.
You kill the spriggan defender!
An anaconda comes into view.
You hear a shout!
Casting: Enfeeble (dangerous; 3% risk of failure)
Confirm with . or Enter, or press ? or * to list all spells.
You don't know that spell.
You catch the helpless anaconda completely off-guard!
You skewer the anaconda like a kebab!!!!
You kill the anaconda!
The anaconda's shape twists and changes as it dies.
The vampire mage gestures wildly while chanting.
The vampire mage flickers and vanishes for a moment.
A shadow dragon comes into view.
The ice dragon breathes frost at your tentacled monstrosity.
The blast of cold hits your tentacled monstrosity!
Your tentacled monstrosity resists.
You block the stone giant's attack.
Your tentacled monstrosity tentacle-slaps the ice dragon! x2
Your tentacled monstrosity tentacle-slaps the ice dragon.
Your tentacled monstrosity constricts the walking crystal tome!
The walking crystal tome is destroyed!
You hear a shout!
You hit the stone giant.
You feel better.
The stone giant is lightly wounded.
You hear a shout! x3
You catch the helpless stone giant completely off-guard!
You stick the stone giant like a pincushion!!!
The stone giant is severely wounded.
You hear a shout!
The stone giant hits you!
* * * LOW HITPOINT WARNING * * *
A frost giant comes into view.
It is wielding a +2 battleaxe of freezing.
The ice dragon bites your tentacled monstrosity!
The ice dragon claws your tentacled monstrosity.
The ice dragon tramples your tentacled monstrosity!
Your tentacled monstrosity holds its ground!
Your tentacled monstrosity tentacle-slaps the ice dragon!
Your tentacled monstrosity tentacle-slaps the ice dragon but does no damage.
Your tentacled monstrosity tentacle-slaps the ice dragon.
Your tentacled monstrosity grabs the ice dragon.
Your tentacled monstrosity constricts the ice dragon.
You hit the stone giant. You bite the stone giant.
The stone giant is almost dead.
The stone giant shouts!
The shadow dragon is distracted by your dazzling golden aura.
The ice dragon bites your tentacled monstrosity.
The ice dragon claws your tentacled monstrosity but does no damage.
The ice dragon barely misses your tentacled monstrosity.
The stone giant closely misses you.
You strike the helpless stone giant from behind!
You stick the stone giant like a pincushion!!!
You feel better.
You kill the stone giant!
Your tentacled monstrosity tentacle-slaps the ice dragon!
The ice dragon dies!
You hear a shout!
As you read the scroll of teleportation, it crumbles to dust.
You feel strangely unstable.
The frost giant gestures at you while chanting.
The bolt of cold hits the vampire mage!!
The vampire mage resists.
The bolt of cold hits you!!!
* * * LOW HITPOINT WARNING * * *
Found a scroll of teleportation and 11 gold pieces.
You hear a trumpeting!
You hear an angry growl.
A frost giant comes into view.
It is wielding a +1 battleaxe of freezing.
You see here 12 gold pieces.
Casting: Enfeeble (dangerous; 3% risk of failure)
Confirm with . or Enter, or press ? or * to list all spells.
Aiming: Enfeeble (dangerous; 3% risk of failure)
Press: ? - help, Shift-Dir - straight line, f - vampire mage
Aim: a vampire mage, wearing a +0 robe (moderately damaged, slightly transparent, will inflict weakness and antimagic, chance to daze and blind: 87%)
The vampire mage is enfeebled!
You hear a trumpeting!
The vampire mage is lost in a daze.
You catch the helpless vampire mage completely off-guard!
You perforate the vampire mage like a sieve!!!!
You destroy the vampire mage!
You hear an angry growl.
The frost giant is distracted by your dazzling golden aura.
The frost giant points at you and mumbles some strange words.
The bolt of cold hits you!!!
You die...
Your body crumbles into a pile of gold.

$ ## $ #$#
#.$# #..$#
##...?# $
##@#####
#$#...$#
#$#X#...#
#..#$.#.$#
#C..#D$.#.#
#....#....##
.C####.####:#
.## .# ## ..


You could see 2 frost giants.

Vanquished Creatures
  Saint Roka (Elf:3)
  Arachne (Spider:3)
  3 liches (Depths:2)
  Zenata (Vaults:3)
  A titan (Shoals:4)
  2 deep elf blademasters (Elf:3)
  A kraken (Shoals:1)
  An ancient champion (Depths:2)
  2 deep elf master archers (Elf:3)
  4 sphinxes
  Kirke (D:15)
  3 tengu reavers
  A nagaraja (Depths:2)
  4 fire giants
  3 emperor scorpions
  4 ghost moths
  7 deep elf sorcerers
  9 vault wardens
  4 frost giants
  2 orc warlords (Vaults:4)
  2 balrugs (Depths:2)
  Louise (Elf:3)
  A deep elf elementalist (Elf:3)
  2 war gargoyles (Vaults:4)
  7 ironbound preservers
  5 stone giants
  A broodmother (Spider:3)
  A spriggan defender (Depths:3)
  2 vampire knights (Depths:1)
  4 ironbound thunderhulks
  19 very ugly things
  3 spark wasps (Depths:2)
  5 deep elf annihilators (Elf:3)
  5 deep elf demonologists (Elf:3)
  A white draconian (IceCv)
  12 dire elephants
  6 merfolk javelineers
  5 deep elf death magi (Elf:3)
  4 ettins
  11 yaktaur captains
  6 fire dragons
  8 great orbs of eyes
  2 green deaths (Depths:2)
  Josephine (D:14)
  12 merfolk impalers
  A deep elf high priest (Elf:3)
  3 rakshasas
  6 entropy weavers
  4 vault guards (Vaults:1)
  3 ice dragons
  A jorogumo (Spider:3)
  A spriggan air mage (Depths:1)
  6 hydras
  An anaconda (shapeshifter) (Depths:3)
  Erolcha (D:13)
  A peacekeeper (Vaults:4)
  6 merfolk avatars
  A death knight (D:13)
  A catoblepas (Lair:5)
  7 radroaches
  A hell beast (Depths:2)
  13 ironbound frosthearts
  4 satyrs
  8 boulder beetles
  2 two-headed ogres
  6 centaur warriors
  6 merfolk aquamancers
  11 dancing weapons
  4 deep troll earth magi
  A vampire mage (Depths:3)
  A naga warrior (Depths:2)
  5 deep troll shamans
  3 tengu warriors
  A death yak (Lair:5)
  A soul eater (Depths:2)
  3 hell knights (Depths:2)
  Urug (D:13)
  3 orc high priests (Orc:2)
  3 spriggan berserkers
  A fire crab (Lair:5)
  9 pharaoh ants
  3 iron trolls
  7 deep elf knights
  7 skeletal warriors
  Lodul (D:14)
  A salamander mystic (Volcano)
  3 sun moths
  6 steelbarb worms (Spider:4)
  7 wizards
  A spark wasp zombie (Depths:1)
  3 glowing orange brains
  32 deep trolls
  8 sea snakes
  3 naga ritualists (Depths:2)
  2 phantasmal warriors (Depths:1)
  3 orb spiders
  An orange crystal statue (IceCv)
  8 deep elf archers
  14 orc knights
  Pikel (D:7)
  8 lindwurms
  10 ironbound convokers
  11 deep elf zephyrmancers
  31 harpies
  6 necromancers
  19 deep elf pyromancers
  4 mana vipers (Depths:2)
  6 orc sorcerers
  A shadow dragon skeleton (Vaults:2)
  41 ugly things
  3 moths of wrath
  14 wolf spiders
  3 salamanders (Volcano)
  14 fauns
  11 cyclopes
  18 manticores
  19 elephants
  13 merfolk sirens
  A fire giant skeleton (Depths:1)
  8 black mambas
  2 stone giant skeletons
  14 vault sentinels
  6 cane toads
  A cane toad (shapeshifter) (D:15)
  3 centaur skeletons (D:13)
  3 naga magi (Depths:2)
  12 water nymphs
  4 gargoyles
  5 molten gargoyles (Volcano)
  12 komodo dragons
  7 torpor snails
  18 rime drakes
  3 freezing wraiths (D:13)
  3 kobold demonologists
  7 demonic crawlers
  An efreet (D:14)
  2 tengu conjurers (Depths:2)
  34 yaktaurs
  A yaktaur skeleton (Vaults:4)
  7 meliai
  28 polar bears
  11 trolls
  8 wind drakes
  25 merfolk
  5 hornets
  A blink frog (shapeshifter) (Vaults:3)
  Prince Ribbit (D:7)
  16 dream sheep
  20 tarantellas
  46 slime creatures
  11 snapping turtles
  24 blink frogs
  A fire giant simulacrum (Depths:1)
  20 jumping spiders
  17 culicivoras
  A spriggan (shapeshifter) (Elf:1)
  A shadow (D:10)
  24 water elementals
  8 air elementals
  15 spriggans
  An ettin skeleton (Vaults:2)
  3 hogs (D:15)
  10 wraiths
  32 yaks
  4 fire elementals (Elf:2)
  8 basilisks
  A steam dragon (D:9)
  45 redbacks
  A glowing shapeshifter zombie (Vaults:2)
  4 wargs
  Menkaure (D:6)
  A swamp worm (shapeshifter) (D:15)
  9 water moccasins
  3 acid dragons
  5 black bears
  48 orc warriors
  2 glowing shapeshifter skeletons (Vaults:2)
  An ice beast (D:6)
  4 boggarts (Lair:5)
  19 ogres
  A lemure (D:7)
  28 wolves
  27 centaurs
  2 phantoms
  Blork the orc (D:5)
  2 elf zombies
  13 kobold brigands
  12 bullfrogs
  3 earth elementals
  7 gnoll sergeants
  A glowing shapeshifter simulacrum (Depths:1)
  4 necrophages
  6 scorpions
  4 wights (D:8)
  11 killer bees
  10 howler monkeys
  An electric eel (Lair:5)
  4 crimson imps (Depths:2)
  2 centaur zombies (Ossuary)
  2 human zombies (Ossuary)
  4 hounds
  A gnoll bouda (D:7)
  12 orc priests
  4 iguanas
  Terence (D:3)
  24 orc wizards
  A boggart skeleton (D:13)
  A killer bee zombie (D:7)
  A boggart simulacrum (D:15)
  3 mummies
  A howler monkey zombie (D:7)
  24 gnolls
  8 adders
  A shadow imp (D:8)
  A white imp (D:7)
  A worm (D:2)
  A dart slug (D:3)
  104 orcs
  9 endoplasms
  3 giant cockroaches
  9 goblins
  8 hobgoblins
  10 jackals
  8 quokkas
  3 training dummies (Orc:1)
  4 ball pythons
  3 bats
  A frilled lizard (D:2)
  8 hobgoblin zombies (Ossuary)
  5 jackal zombies (Ossuary)
  27 kobolds
  10 kobold zombies (Ossuary)
  8 orc zombies (Ossuary)
  5 rats
  A rat zombie (Ossuary)
1749 creatures vanquished.

Vanquished Creatures (collateral kills)
  A walking crystal tome (Depths:3)
  3 liches
  An iron dragon (Depths:2)
  2 ironbound preservers
  An ettin (Depths:1)
  A green death (Depths:2)
  An ice dragon (Depths:3)
  A death yak (Shoals:3)
  An orb spider (Spider:4)
  A naga mage (Depths:2)
  A smoke demon (Depths:2)
  A merfolk (Shoals:3)
  A redback (Spider:4)
  A neqoxec (Depths:2)
17 creatures vanquished.

Vanquished Creatures (others)
  A deep elf death mage (Elf:3)
  A yaktaur captain (Vaults:4)
  A merfolk aquamancer (Shoals:4)
  A deep troll shaman (Depths:3)
  A wizard (Vaults:4)
  A wolf spider (Spider:4)
  A gargoyle (Volcano)
  A culicivora (Spider:1)
  A human (D:15)
  A redback (Spider:1)
  A kobold brigand (D:7)
  A killer bee (D:11)
  2 orc wizards
  An orc (Bailey)
  5 kobolds (D:7)
  42 fungi
  154 plants
216 creatures vanquished.

Grand Total: 1982 creatures vanquished

Notes
Turn   | Place    | Note
-------+----------+-------------------------------------------
     0 | D:1      | sleeves the Vampire Reaver began the quest for the Orb.
     0 | D:1      | Reached XP level 1. HP: 16/16 MP: 3/3
    75 | D:1      | Reached skill level 1 in Stealth
   117 | D:1      | HP: 8/16 [jackal (2)]
   126 | D:1      | Reached XP level 2. HP: 15/22 MP: 5/5
   132 | D:1      | Reached skill level 2 in Stealth
   163 | D:1      | Found Nuxog's Distillery.
   333 | D:1      | Found Wittinup's Magic Scroll Shop.
   359 | D:1      | Reached skill level 4 in Short Blades
   379 | D:1      | Reached skill level 3 in Stealth
   410 | D:1      | Gained mutation: You are afflicted with vampirism and can
                  | become a bat while bloodless. [Vampire growth]
   410 | D:1      | Reached XP level 3. HP: 27/27 MP: 6/6
  1004 | D:2      | Reached skill level 4 in Stealth
  1038 | D:2      | Reached XP level 4. HP: 33/33 MP: 7/7
  1848 | D:3      | Found a faded altar of an unknown god.
  1895 | D:3      | Learned a level 3 spell: Confusing Touch
  1926 | D:3      | Noticed Terence
  1939 | D:3      | Killed Terence
  1940 | D:3      | Reached skill level 5 in Stealth
  1940 | D:3      | Reached skill level 1 in Hexes
  1940 | D:3      | Reached XP level 5. HP: 38/38 MP: 8/8
  1978 | D:3      | Reached skill level 5 in Short Blades
  2398 | D:4      | Noticed a black bear
  2414 | D:4      | Killed a black bear
  2415 | D:4      | Reached skill level 2 in Hexes
  2505 | D:3      | Reached skill level 6 in Stealth
  2505 | D:3      | Reached XP level 6. HP: 29/44 MP: 9/9
  2608 | D:4      | Reached skill level 3 in Hexes
  2887 | D:4      | Found Etaun's Assorted Antiques.
  2945 | D:4      | Found a staircase to the Ecumenical Temple.
  3076 | Temple   | Entered the Ecumenical Temple
  3481 | D:5      | Entered Level 5 of the Dungeon
  3508 | D:5      | Reached skill level 4 in Hexes
  3561 | D:5      | Reached skill level 6 in Short Blades
  3587 | D:5      | Found a sand-covered staircase.
  3598 | Ossuary  | Entered an ossuary
  3674 | Ossuary  | Reached skill level 7 in Stealth
  3744 | Ossuary  | Reached XP level 7. HP: 49/49 MP: 10/10
  3849 | Ossuary  | Reached skill level 5 in Hexes
  4012 | D:5      | Noticed Blork the orc
  4017 | D:5      | Killed Blork the orc
  4018 | D:5      | Reached skill level 8 in Stealth
  4033 | D:5      | Reached skill level 6 in Hexes
  4410 | D:5      | Reached skill level 7 in Short Blades
  4422 | D:5      | Reached XP level 8. HP: 51/55 MP: 11/11
  4774 | D:6      | Found an opulent altar of Gozag.
  4775 | D:6      | Found a snail-covered altar of Cheibriados.
  4786 | D:6      | Found a shimmering blue altar of Sif Muna.
  4788 | D:6      | Noticed Menkaure
  4789 | D:6      | Became a worshipper of Gozag Ym Sagoz the Greedy
  4791 | D:6      | Killed Menkaure
  4792 | D:6      | Reached skill level 9 in Stealth
  4792 | D:6      | Reached skill level 1 in Shields
  4824 | D:6      | Found a hazy altar of Hepliaklqana.
  4931 | D:6      | Reached skill level 2 in Shields
  4931 | D:6      | Reached skill level 7 in Hexes
  5046 | D:6      | HP: 23/55 [gnoll/bolt of acid (7)]
  5149 | D:6      | Found Fafexzi's Assorted Antiques.
  5243 | D:6      | Bought a ripped robe for 119 gold pieces
  5243 | D:6      | Identified the +2 robe "Qotas" {Regen+ Str+2 Slay-3} (You
                  | bought it in a shop on level 6 of the Dungeon)
  5501 | D:6      | Reached skill level 10 in Stealth
  5545 | D:6      | Found a radiant altar of Vehumet.
  5547 | D:6      | Found a stormy altar of Qazlal.
  5550 | D:6      | Found an iron altar of Okawaru.
  5587 | D:6      | Reached skill level 8 in Hexes
  5767 | D:6      | Reached skill level 8 in Short Blades
  5767 | D:6      | Reached skill level 3 in Shields
  5948 | D:7      | Reached XP level 9. HP: 54/61 MP: 8/12
  6086 | D:7      | Noticed Prince Ribbit
  6091 | D:7      | Killed Prince Ribbit
  6150 | D:7      | Found a basalt altar of Yredelemnul.
  6422 | D:7      | Noticed Pikel
  6428 | D:7      | HP: 26/61 [Pikel/+2 whip of electrocution (16)]
  6432 | D:7      | Killed Pikel
  6433 | D:7      | Reached skill level 11 in Stealth
  6433 | D:7      | Reached skill level 4 in Shields
  6433 | D:7      | Reached skill level 9 in Hexes
  6894 | D:8      | Reached skill level 12 in Stealth
  6894 | D:8      | Reached skill level 10 in Hexes
  7008 | D:8      | Reached skill level 5 in Shields
  7106 | D:8      | Found a flagged portal.
  7145 | D:8      | HP: 26/56 [wight/+2 spear of freezing (3)]
  7229 | Bailey   | Entered a bailey
  7590 | Bailey   | Reached skill level 13 in Stealth
  7590 | Bailey   | Reached XP level 10. HP: 66/67 MP: 13/13
  7698 | Bailey   | Reached skill level 6 in Shields
  8083 | Bailey   | HP: 31/67 [centaur/javelin (3)]
  8170 | Bailey   | Reached skill level 14 in Stealth
  8601 | Bailey   | Reached skill level 7 in Shields
  8690 | Bailey   | HP: 31/67 [centaur/javelin (7)]
  8869 | Bailey   | Got the Precepts of Blasts
  9200 | D:8      | Noticed a two-headed ogre
  9215 | D:8      | Killed a two-headed ogre
  9216 | D:8      | Reached skill level 15 in Stealth
  9893 | D:9      | Found a broken altar of Ashenzari.
  9893 | D:9      | Found a sacrificial altar of Ru.
 10034 | D:9      | Reached skill level 8 in Shields
 10260 | D:9      | Reached skill level 16 in Stealth
 10260 | D:9      | Reached XP level 11. HP: 72/72 MP: 14/14
 10284 | D:9      | HP: 35/72 [yak (4)]
 10555 | D:10     | Entered Level 10 of the Dungeon
 10727 | D:10     | Found a staircase to the Lair.
 10924 | D:10     | Reached skill level 9 in Shields
 11400 | D:9      | Reached skill level 17 in Stealth
 11677 | D:11     | HP: 35/72 [poisoned by a killer bee]
 11682 | D:11     | HP: 31/72 [poisoned by a killer bee]
 11687 | D:11     | HP: 30/72 [poisoned by a killer bee]
 11692 | D:11     | HP: 21/72 [poisoned by a killer bee]
 12372 | D:11     | Reached skill level 18 in Stealth
 12372 | D:11     | Reached skill level 10 in Shields
 12417 | D:11     | Reached skill level 2 in Fighting
 12486 | D:11     | Found a staircase to the Orcish Mines.
 12682 | D:11     | Reached skill level 3 in Dodging
 13113 | D:12     | Noticed a two-headed ogre
 13118 | D:12     | Reached skill level 3 in Fighting
 13138 | D:12     | Killed a two-headed ogre
 13139 | D:12     | Reached skill level 4 in Dodging
 13223 | D:12     | Noticed a cyan ugly thing
 13286 | Lair:1   | Entered Level 1 of the Lair of Beasts
 13349 | Lair:1   | Reached XP level 12. HP: 58/81 MP: 12/15
 13506 | Lair:1   | Reached skill level 9 in Short Blades
 13632 | Lair:1   | Reached skill level 4 in Fighting
 13674 | Lair:1   | Reached skill level 5 in Dodging
 13702 | Lair:1   | HP: 37/83 [blink frog (14)]
 14074 | Lair:1   | Identified the +2 leather armour "Taorghixt" {Regen+}
 14686 | Lair:2   | Reached skill level 5 in Fighting
 14686 | Lair:2   | Reached skill level 6 in Dodging
 14773 | Lair:2   | Noticed an eight-headed hydra
 14791 | Lair:2   | Killed an eight-headed hydra
 14873 | Lair:2   | Reached skill level 10 in Short Blades
 14917 | Lair:2   | Noticed a boulder beetle
 14920 | Lair:2   | Killed a boulder beetle
 14921 | Lair:2   | Reached skill level 19 in Stealth
 14995 | Lair:2   | Found an opulent altar of Gozag.
 15072 | Lair:2   | Reached skill level 7 in Dodging
 15129 | Lair:2   | Found a staircase to the Shoals.
 15343 | Lair:2   | Reached skill level 6 in Fighting
 16091 | Lair:3   | Found a hole to the Spider Nest.
 16191 | Lair:3   | Reached XP level 13. HP: 93/93 MP: 16/16
 16898 | Lair:4   | Reached skill level 8 in Dodging
 17192 | Lair:4   | Reached skill level 20 in Stealth
 17307 | Lair:4   | Reached skill level 7 in Fighting
 17796 | Lair:5   | Entered Level 5 of the Lair of Beasts
 17797 | Lair:5   | Found a staircase to the Slime Pits.
 18097 | Lair:5   | HP: 46/96 [four-headed hydra (4)]
 18103 | Lair:5   | HP: 44/96 [four-headed hydra (5)]
 18104 | Lair:5   | HP: 16/96 [four-headed hydra (10)]
 18147 | Lair:5   | Found a viscous altar of Jiyva.
 18276 | Lair:5   | Reached skill level 9 in Dodging
 18627 | Lair:4   | Reached skill level 8 in Fighting
 18704 | Lair:5   | Reached skill level 21 in Stealth
 18892 | Lair:5   | Reached skill level 10 in Dodging
 19070 | Lair:4   | HP: 43/99 [spriggan rider/+0 spear (17)]
 19077 | Lair:4   | HP: 22/99 [spriggan rider/+0 spear (24)]
 19079 | Lair:4   | HP: 8/99 [spriggan rider/+0 spear (15)]
 19419 | Lair:5   | Paralysed by a hornet for 2 turns
 19514 | Lair:5   | Reached XP level 14. HP: 106/106 MP: 17/17
 19569 | Lair:4   | HP: 49/106 [spriggan rider/+0 spear (23)]
 19584 | Lair:4   | Reached skill level 9 in Fighting
 20130 | Lair:5   | Reached skill level 22 in Stealth
 21077 | Lair:5   | Reached skill level 1 in Armour
 21131 | Lair:5   | Reached skill level 10 in Fighting
 21187 | Lair:5   | HP: 52/110 [elephant (12)]
 21209 | Lair:5   | HP: 54/110 [blink frog (11)]
 21213 | Lair:5   | Reached skill level 2 in Armour
 21894 | Orc:1    | Entered Level 1 of the Orcish Mines
 22207 | D:12     | Reached skill level 3 in Armour
 22894 | D:13     | Noticed Urug
 22896 | D:13     | Killed Urug
 22923 | D:13     | Noticed Erolcha
 22927 | D:13     | Killed Erolcha
 22957 | D:13     | HP: 49/110 [yaktaur/bolt (25)]
 22968 | D:13     | HP: 39/110 [yaktaur (14)]
 23067 | D:13     | Reached skill level 4 in Armour
 23067 | D:13     | Reached skill level 11 in Shields
 23162 | D:13     | HP: 52/110 [yaktaur/bolt (30)]
 23449 | D:13     | Noticed Sonja
 23450 | D:13     | Sonja changed into Sonja the naga
 23450 | D:13     | Noticed Sonja
 23603 | D:13     | Reached skill level 5 in Armour
 23630 | D:13     | HP: 52/110 [freezing wraith[a death knight] (4)]
 23763 | D:13     | Sonja the naga changed into Sonja the scorpion
 23763 | D:13     | Noticed Sonja
 23771 | D:13     | Killed Sonja the scorpion
 23853 | D:13     | Noticed Frances
 24290 | D:13     | Reached skill level 6 in Armour
 24388 | D:13     | Found a gate to the Vaults.
 24990 | D:14     | Identified Roxanne's Writings on Transmutation
 24990 | D:14     | Noticed Roxanne
 25106 | D:14     | Noticed Lodul
 25190 | D:13     | Reached skill level 1 in Summonings
 25207 | D:14     | Killed Lodul
 25430 | D:14     | Noticed Josephine
 25507 | D:14     | Killed Josephine
 25508 | D:14     | Reached skill level 2 in Summonings
 25508 | D:14     | Reached XP level 15. HP: 115/115 MP: 14/18
 25607 | D:14     | Identified 2 scrolls of acquirement
 25608 | D:14     | Acquired a manual of Shields
 26495 | D:14     | Reached skill level 7 in Armour
 26495 | D:14     | Reached skill level 3 in Summonings
 26702 | D:15     | Entered Level 15 of the Dungeon
 27003 | D:15     | Found a runed translucent door.
 27207 | D:15     | Noticed Kirke
 27433 | D:15     | Killed Kirke
 27434 | D:15     | Reached skill level 4 in Summonings
 27986 | D:15     | Noticed Tecuw's ghost (journeyman HOFi)
 28055 | D:15     | HP: 56/115 [white very ugly thing (7)]
 28055 | D:15     | HP: 5/115 [white very ugly thing (51)]
 28325 | D:15     | Found a staircase to the Depths.
 28605 | Lair:5   | Learned a level 5 spell: Summon Mana Viper
 28664 | Spider:1 | Entered Level 1 of the Spider Nest
 29059 | Spider:1 | Reached skill level 5 in Summonings
 29102 | Spider:1 | Noticed an emperor scorpion
 29108 | Spider:1 | Killed an emperor scorpion
 29109 | Spider:1 | Reached skill level 12 in Shields
 29380 | Spider:1 | HP: 52/115 [demonic crawler (6)]
 29390 | Spider:1 | Reached skill level 8 in Armour
 29390 | Spider:1 | HP: 52/115 [demonic crawler (4)]
 29400 | Spider:1 | HP: 46/115 [wolf spider (11)]
 29776 | Spider:1 | HP: 56/115 [demonic crawler (10)]
 30838 | Spider:2 | Identified the +10 rapier of Due Proportion {vamp, rC- rN+
                  | Str+2 Dex+7}
 30953 | Spider:2 | Identified the +6 dagger "Kiddy" {elec, rElec Int+2}
 30982 | Spider:2 | Reached skill level 6 in Summonings
 31132 | Spider:1 | HP: 50/115 [meliai/divine providence (13)]
 31138 | Spider:1 | HP: 54/115 [poisoned by a meliai]
 31468 | Spider:2 | HP: 56/115 [ghost moth (11)]
 31474 | Spider:2 | HP: 43/115 [ghost moth (1)]
 31727 | Spider:2 | Reached skill level 13 in Shields
 32752 | Spider:3 | Noticed an emperor scorpion
 32774 | Spider:3 | Killed an emperor scorpion
 33000 | Spider:3 | Reached skill level 7 in Summonings
 33181 | Spider:4 | Entered Level 4 of the Spider Nest
 33241 | Spider:4 | HP: 57/115 [fell downstairs (1)]
 33256 | Spider:3 | HP: 38/115 [tarantella[a broodmother] (7)]
 33258 | Spider:3 | HP: 13/115 [redback[a broodmother] (12)]
 33490 | Spider:3 | Reached XP level 16. HP: 121/122 MP: 9/19
 33556 | Spider:4 | Noticed Arachne
 33662 | Spider:3 | HP: 59/122 [Arachne/staff of poison (18)]
 33665 | Spider:3 | HP: 21/122 [Arachne/staff of poison (9)]
 33671 | Spider:3 | HP: 38/122 [Arachne/staff of poison (1)]
 33676 | Spider:3 | HP: 33/122 [Arachne/staff of poison (2)]
 33682 | Spider:3 | Killed Arachne
 33812 | Spider:4 | Reached skill level 9 in Armour
 34010 | Spider:4 | Reached skill level 11 in Short Blades
 34243 | Spider:4 | Reached skill level 14 in Shields
 34376 | Spider:4 | Reached skill level 8 in Summonings
 34456 | Spider:4 | HP: 61/122 [disintegration (26)]
 34461 | Spider:4 | HP: 58/122 [torpor snail (7)]
 34822 | Spider:4 | HP: 60/122 [emperor scorpion (14)]
 34826 | Spider:4 | HP: 29/122 [emperor scorpion (20)]
 35382 | Spider:4 | Got a gossamer rune of Zot
 35642 | Spider:4 | HP: 43/122 [radroach (51)]
 35644 | Spider:4 | Gained mutation: Your spells are a little easier to cast,
                  | but a little less powerful. [mutagenic glow]
 35646 | Spider:4 | HP: 3/122 [radroach (27)]
 35677 | Spider:3 | Gained mutation: Potions are less effective at restoring
                  | your health. [mutagenic glow]
 35688 | Spider:3 | Gained mutation: You occasionally lose the ability to drink
                  | potions when taking damage. [mutagenic glow]
 35848 | Spider:3 | Lost mutation: Your spells are a little easier to cast, but
                  | a little less powerful. [potion of mutation]
 35848 | Spider:3 | Lost mutation: You occasionally lose the ability to drink
                  | potions when taking damage. [potion of mutation]
 35848 | Spider:3 | Gained mutation: Your system is resistant to poisons.
                  | (rPois) [potion of mutation]
 35848 | Spider:3 | Gained mutation: Your spells are a little harder to cast,
                  | but a little more powerful. [potion of mutation]
 35848 | Spider:3 | Gained mutation: You have large cloven feet. [potion of
                  | mutation]
 36109 | Spider:4 | Reached skill level 12 in Short Blades
 37066 | Orc:2    | Entered Level 2 of the Orcish Mines
 37066 | Orc:2    | Found Atta's Book Shop.
 37066 | Orc:2    | Found a staircase to the Elven Halls.
 37130 | Orc:2    | Found Saar's Jewellery Shoppe.
 37140 | Orc:2    | Found Faic's Armour Shop.
 37147 | Orc:2    | Bought the -2 hat of the Alchemist {rElec rPois rF+ rC+ rN+
                  | Will+ rMut rCorr} for 849 gold pieces
 37147 | Orc:2    | Found the -2 hat of the Alchemist {rElec rPois rF+ rC+ rN+
                  | Will+ rMut rCorr}
 37147 | Orc:2    | Bought a +1 pair of boots of flying for 297 gold pieces
 37216 | Orc:2    | Found a dark tunnel.
 37228 | Volcano  | Entered a volcano
 37401 | Volcano  | Noticed an orb of fire
 37404 | Volcano  | Reached skill level 10 in Armour
 37404 | Volcano  | Reached skill level 15 in Shields
 37453 | Volcano  | Noticed an orb of fire
 37473 | Volcano  | Reached skill level 9 in Summonings
 37903 | Orc:2    | Found Assufory's Magic Scroll Emporium.
 38083 | Orc:1    | Found Duamu's Firing Range.
 38942 | Orc:2    | Reached XP level 17. HP: 128/128 MP: 17/20
 38967 | Orc:2    | Found Xizutoux's Magic Scroll Shop.
 38967 | Orc:2    | Found Kihogh's Assorted Antiques.
 38970 | Orc:2    | Found Nojuggoe's Assorted Antiques.
 38970 | Orc:2    | Found Pyidd's Distillery.
 38977 | Orc:2    | Bought a shimmering ring mail for 225 gold pieces
 38977 | Orc:2    | Identified the +0 ring mail of the Scuffed God {Int+3
                  | Dex+2} (You bought it in a shop on level 2 of the Orcish
                  | Mines)
 38980 | Orc:2    | Bought a potion of heal wounds for 80 gold pieces
 38980 | Orc:2    | Bought a potion of haste for 160 gold pieces
 38980 | Orc:2    | Bought a potion of resistance for 160 gold pieces
 38980 | Orc:2    | Bought a potion of haste for 160 gold pieces
 38981 | Orc:2    | Bought a potion of magic for 248 gold pieces
 38981 | Orc:2    | Bought a scroll of magic mapping for 232 gold pieces
 39024 | Orc:2    | Bought a scroll of acquirement for 780 gold pieces
 39024 | Orc:2    | Bought a scroll of teleportation for 45 gold pieces
 39024 | Orc:2    | Bought a scroll of teleportation for 45 gold pieces
 39024 | Orc:2    | Bought a scroll of fear for 60 gold pieces
 39129 | Orc:2    | Acquired 538 gold pieces
 39131 | Orc:2    | Acquired 626 gold pieces
 39709 | Shoals:1 | Entered Level 1 of the Shoals
 39743 | Shoals:1 | Found a runed translucent door.
 39754 | Shoals:1 | Reached skill level 13 in Short Blades
 39837 | Shoals:1 | Reached skill level 10 in Summonings
 39858 | Shoals:1 | HP: 59/128 [drowned by a water nymph (10)]
 39862 | Shoals:1 | HP: 14/128 [water nymph/the raging water (24)]
 40866 | Shoals:1 | Reached skill level 11 in Summonings
 41058 | Shoals:1 | Noticed a kraken
 41074 | Shoals:1 | Killed a kraken
 41075 | Shoals:1 | Reached skill level 14 in Short Blades
 41179 | Shoals:1 | HP: 57/128 [water nymph/the raging water (34)]
 41473 | Shoals:1 | Noticed Tuwaoge's ghost (adept MiFi)
 41474 | Shoals:1 | Found the +5 sword of Power {vorpal}
 41562 | Shoals:2 | Identified the +6 scale mail of the Old and Reckless
                  | {rPois}
 42384 | Shoals:3 | Reached skill level 11 in Hexes
 42534 | Shoals:3 | Found Lomm's Merfolk Armours.
 42534 | Shoals:3 | Found Lomm's Visitors' Centre.
 42550 | Shoals:3 | HP: 64/128 [merfolk/boomerang (14)]
 42851 | Shoals:3 | Found Dawiniak's Assorted Antiques.
 42862 | Shoals:3 | Reached skill level 12 in Summonings
 43031 | Shoals:3 | Reached skill level 12 in Hexes
 43132 | Shoals:3 | Noticed Polyphemus
 43876 | Shoals:3 | Found Lomm's Merfolk Weapons.
 43881 | Shoals:3 | Found Lomm's Merfolk Magic.
 43943 | Shoals:3 | Reached skill level 13 in Hexes
 44065 | Shoals:4 | Entered Level 4 of the Shoals
 44065 | Shoals:4 | Found a stormy altar of Qazlal.
 44243 | Shoals:4 | Reached XP level 18. HP: 134/134 MP: 21/21
 44534 | Shoals:4 | Reached skill level 13 in Summonings
 44578 | Shoals:4 | Found a shimmering blue altar of Sif Muna.
 44728 | Shoals:4 | Reached skill level 14 in Hexes
 44892 | Shoals:4 | Paralysed by an air elemental for 1 turns
 44940 | Shoals:4 | HP: 62/134 [wind drake/the air (6)]
 44945 | Shoals:4 | HP: 54/134 [air elemental/stunning burst (9)]
 44946 | Shoals:4 | Paralysed by an air elemental for 1 turns
 44950 | Shoals:4 | Paralysed by an air elemental for 1 turns
 45569 | Shoals:4 | Reached skill level 15 in Hexes
 45925 | Shoals:4 | HP: 64/134 [titan (32)]
 45943 | Shoals:4 | Reached skill level 14 in Summonings
 45984 | Shoals:4 | Got a barnacled rune of Zot
 46392 | Vaults:1 | Entered Level 1 of the Vaults
 46595 | Vaults:1 | Reached skill level 3 in Spellcasting
 47160 | Vaults:1 | Reached skill level 4 in Spellcasting
 47600 | Vaults:1 | Reached skill level 5 in Spellcasting
 47610 | Vaults:1 | Reached skill level 15 in Summonings
 47992 | Vaults:1 | Found Widutasu's Weapon Shoppe.
 48412 | Vaults:2 | Found Fihofat's Distillery.
 48472 | Vaults:2 | Bought 2 potions of heal wounds for 220 gold pieces
 48472 | Vaults:2 | Bought a potion of heal wounds for 110 gold pieces
 48472 | Vaults:2 | Bought a potion of magic for 176 gold pieces
 48472 | Vaults:2 | Bought a potion of haste for 220 gold pieces
 48472 | Vaults:2 | Bought a potion of cancellation for 176 gold pieces
 48610 | Vaults:2 | Reached skill level 6 in Spellcasting
 48972 | Vaults:2 | Reached XP level 19. HP: 140/140 MP: 20/28
 49057 | Vaults:2 | HP: 67/140 [deep troll[an ironbound preserver] (4)]
 49065 | Vaults:2 | HP: 66/140 [deep troll[an ironbound preserver] (13)]
 49229 | Vaults:2 | Reached skill level 7 in Spellcasting
 49229 | Vaults:2 | HP: 67/140 [ettin skeleton[a necromancer] (22)]
 49241 | Vaults:2 | HP: 66/140 [ettin skeleton[a necromancer] (18)]
 49382 | Vaults:2 | Learned a level 7 spell: Enfeeble
 50415 | Vaults:2 | Found a staircase to the Crypt.
 50415 | Vaults:2 | Found an ancient bone altar of Kikubaaqudgha.
 50416 | Vaults:2 | Found a basalt altar of Yredelemnul.
 50678 | Vaults:3 | Reached skill level 16 in Summonings
 50736 | Vaults:3 | HP: 69/140 [dire elephant (30)]
 50951 | Vaults:3 | HP: 66/140 [vault warden/+0 long sword (24)]
 50962 | Vaults:3 | Reached skill level 8 in Spellcasting
 50967 | Vaults:3 | Reached skill level 16 in Hexes
 51146 | Vaults:3 | Noticed Zenata
 51148 | Vaults:3 | Killed Zenata
 51203 | Vaults:3 | Found Jejaobb's Assorted Antiques.
 51211 | Vaults:3 | Bought a potion of haste for 400 gold pieces
 51211 | Vaults:3 | Bought a potion of haste for 400 gold pieces
 51476 | Vaults:3 | Identified the +2 great sword of the Last Emperors
                  | {protect, *Corrode rF++ Str-5 Dex+2}
 51538 | Vaults:3 | HP: 69/140 [ironbound frostheart/creeping frost (38)]
 51543 | Vaults:3 | HP: 60/140 [peacekeeper[a glowing orange brain] (7)]
 52466 | Vaults:4 | Reached skill level 9 in Spellcasting
 52485 | Vaults:4 | Reached skill level 17 in Hexes
 52759 | Vaults:3 | HP: 60/140 [white ugly thing[a wizard] (19)]
 52773 | Vaults:3 | HP: 60/140 [cyan ugly thing[a wizard] (7)]
 52845 | Vaults:3 | HP: 68/137 [poisoned by a tengu reaver]
 53133 | Vaults:4 | HP: 68/140 [dire elephant (5)]
 53139 | Vaults:4 | HP: 59/140 [orc knight/+2 war axe of flaming (12)]
 53158 | Vaults:4 | HP: 69/140 [dire elephant (7)]
 53175 | Vaults:4 | Reached skill level 17 in Summonings
 53356 | Vaults:4 | Reached XP level 20. HP: 129/147 MP: 28/33
 53362 | Vaults:4 | HP: 60/147 [frost giant/bolt of cold (32)]
 53367 | Vaults:4 | HP: 35/147 [frost giant/bolt of cold (27)]
 53472 | Vaults:4 | Found Qeohyim Asov's Assorted Antiques.
 53477 | Vaults:4 | Found Ywetar's Jewellery Shoppe.
 53608 | Vaults:4 | Bought a scroll of blinking for 277 gold pieces
 53868 | Vaults:4 | Reached skill level 18 in Hexes
 54015 | Vaults:4 | Reached skill level 10 in Spellcasting
 54107 | Vaults:4 | Found Paorgheg's Assorted Antiques.
 54124 | Vaults:4 | HP: 62/147 [dire elephant (20)]
 54164 | Vaults:4 | Bought a distressingly furry scale mail for 306 gold pieces
 54164 | Vaults:4 | Identified the +5 scale mail "Liruatuc" {Int+3} (You bought
                  | it in a shop on level 4 of the Vaults)
 54164 | Vaults:4 | Bought a potion of haste for 340 gold pieces
 54164 | Vaults:4 | Bought a scroll of teleportation for 102 gold pieces
 54673 | Elf:1    | Entered Level 1 of the Elven Halls
 55001 | Elf:1    | Found a transporter.
 55162 | Elf:1    | Paralysed by an air elemental for 1 turns
 55387 | Elf:2    | Reached skill level 19 in Hexes
 55705 | Elf:2    | Found a huge runed translucent gate.
 55705 | Elf:2    | Found a huge runed translucent gate.
 55705 | Elf:2    | Found a huge runed translucent gate.
 55705 | Elf:2    | Found a huge runed translucent gate.
 55705 | Elf:2    | Found a huge runed translucent gate.
 55775 | Elf:2    | Found a frozen archway.
 55778 | Elf:2    | Reached skill level 18 in Summonings
 55937 | IceCv    | Entered an ice cave
 56581 | IceCv    | Identified the +1 dagger of the Rescuing Gods {vorpal, rC+
                  | Dex+4}
 56841 | IceCv    | Reached skill level 20 in Hexes
 56946 | IceCv    | Identified the +1 helmet "Emabeurag" {rElec rC+ MP-9}
 57109 | Elf:3    | Entered Level 3 of the Elven Halls
 57673 | Elf:3    | Identified the +0 tower shield "Kikhom" {rF+ Str+3}
 57673 | Elf:3    | Noticed Louise
 57682 | Elf:3    | Killed Louise
 58003 | Elf:3    | HP: 73/147 [burnt (1)]
 58008 | Elf:3    | HP: 62/147 [fire elemental[a deep elf pyromancer] (2)]
 58015 | Elf:3    | HP: 65/147 [deep elf death mage/+0 dagger (3)]
 58348 | Elf:3    | Identified the +5 scimitar of Cheibriados's Respect
                  | {freeze, rN+ Will+ Str+4}
 58416 | Elf:3    | Reached skill level 21 in Hexes
 58446 | Elf:3    | Learned a level 8 spell: Summon Horrible Things
 58514 | Elf:3    | Noticed Saint Roka
 58515 | Elf:3    | Reached XP level 21. HP: 153/153 MP: 21/35
 58549 | Elf:3    | Reached skill level 19 in Summonings
 58687 | Elf:3    | Identified the +6 scimitar of Shrieking Terror {vorpal, rF+
                  | rC- Str+3}
 58719 | Elf:3    | HP: 75/153 [deep elf elementalist/+3 vorpal great sword
                  | (12)]
 58739 | Elf:3    | HP: 69/151 [???[a deep elf demonologist] (43)]
 58745 | Elf:3    | HP: 64/151 [Tzitzimitl[a deep elf demonologist] (4)]
 58751 | Elf:3    | HP: 53/150 [Saint Roka/divine providence (15)]
 58760 | Elf:3    | Killed Saint Roka
 59450 | Depths:1 | Entered Level 1 of the Depths
 59656 | Depths:1 | Found Gisaeng's Weapon Emporium.
 60240 | Depths:1 | Found a one-way gateway to a ziggurat.
 60444 | Depths:1 | Reached skill level 22 in Hexes
 60684 | Depths:1 | Found a broken altar of Ashenzari.
 61240 | Depths:1 | Reached skill level 20 in Summonings
 61685 | Depths:1 | Found a sparkling altar of Nemelex Xobeh.
 61748 | Depths:1 | Found a gateway to Hell.
 62304 | Depths:2 | HP: 73/153 [spriggan rider/+0 spear (21)]
 62309 | Depths:1 | HP: 67/153 [iron troll (3)]
 62323 | Depths:1 | HP: 71/153 [iron troll (4)]
 62330 | Depths:1 | HP: 61/153 [iron troll (24)]
 62866 | Depths:2 | HP: 71/153 [merfolk javelineer/silver javelin (13)]
 63295 | Depths:2 | Reached skill level 21 in Summonings
 64035 | Depths:2 | Found a one-way gate leading to the halls of Pandemonium.
 64640 | Depths:2 | Found a shimmering altar of Xom.
 65004 | Depths:2 | Identified the +2 robe of the Rotten God {-Cast rPois
                  | rCorr}
 65027 | Depths:2 | Reached XP level 22. HP: 150/159 MP: 13/36
 65203 | Depths:2 | Reached skill level 22 in Summonings
 65346 | Depths:2 | Identified the +2 cloak "Piog" {rPois rF+ Slay+3 SInv}
 65563 | Depths:3 | Noticed the Enchantress
 65571 | Depths:3 | HP: 60/159 [ettin/+0 dire flail (39)]
 65571 | Depths:3 | HP: 28/159 [the Enchantress/+2 vorpal flail (5)]
 65587 | Depths:3 | HP: 75/159 [stone giant (14)]
 65590 | Depths:3 | HP: 37/159 [frost giant/bolt of cold (41)]
 65593 | Depths:3 | Killed from afar by a frost giant

Illustrated notes

Levels and vault maps discovered:
D:1:      roderic_crop_circles_arrival_small, layout_loops_ring, serial_shops,
          shop, nicolae_shop_trees, minmay_misc_feat_four_crosses
D:2:      layout_loops_corners, kennysheep_generic_room_13
D:3:      layout_basic, shapermc_ecumenical_altar_acropolis, minivault_19,
          uniq_terence
D:4:      layout_cave_pods, minmay_temple_entry_statues_fountains, serial_shops,
          shop, hangedman_decor_growths
D:5:      layout_loops_cross, gup_ossuary_entry_pyramid, serial_glass,
          glass_columns_a, glass_columns_b, uniq_blork_the_orc
D:6:      layout_loops_ring, nicolae_overflow_hallway_of_the_gods, serial_shops,
          shop, serial_rivers, chequers_serial_rivers_micro_c,
          chequers_serial_rivers_room_b, chequers_serial_rivers_small_a,
          chequers_serial_rivers_large_a, uniq_menkaure
D:7:      layout_loops_cross, lemuel_zombie_altar_yredelemnul,
          lemuel_flamethrower_2, uniq_pikel, uniq_prince_ribbit1
D:8:      layout_loops_cross, enter_bailey_5
D:9:      layout_roguey, nicolae_overflow_two_pavilions, serial_rivers,
          chequers_serial_rivers_micro_a, chequers_serial_rivers_micro_e,
          chequers_serial_rivers_room_a, chequers_serial_rivers_micro_a,
          eino_tiny_chamber
D:10:     layout_rooms, grunt_lair_entry_orc_guard_hut
D:11:     layout_stronghold, kennysheep_orc_monster_closet_entryway,
          serial_column_ruins, column_ruins_square_small,
          column_ruins_columns_straight, column_ruins_open_tiny,
          column_ruins_open_tiny, column_ruins_grid_3
D:12:     layout_basic
D:13:     layout_roguey [special_room_orc],
          hangedman_vaults_entry_quadrant_bands, uniq_frances, uniq_sonja,
          uniq_urug, uniq_erolcha
D:14:     layout_roguey, kennysheep_small_spiral, hangedman_decor_peaks_small,
          zin_statuary, uniq_roxanne, uniq_josephine, uniq_lodul
D:15:     gammafunk_enter_depths_forms, layout_stronghold,
          ebering_ghost_reflecting_pool, chequers_serial_rivers_micro_a,
          uniq_kirke
Temple:   jpeg_temple_clearing
Lair:1:   layout_chaotic_city, dreamdust_mushroom_princess, st_stairs_8,
          grunt_megastairs_5, infiniplex_staircase_pool_2, lemuel_fruit_fields
Lair:2:   layout_long_grid, elwin_shoals_entry_rocks, basic_altar,
          grunt_megastairs_2
Lair:3:   layout_small_grid, nicolae_spider_entry_tight_spaces,
          fungi_pond_lemuel, serial_bayou_shore_b
Lair:4:   layout_roguey
Lair:5:   minmay_lair_end_enchanted_forest, layout_long_grid, slime_entry_1,
          nicolae_lair_yak_garden, grunt_megastairs_1, serial_bayou_shore_a
Shoals:1: layout_shoals, ebering_ghost_reflecting_pool
Shoals:2: layout_shoals
Shoals:3: nicolae_shoals_mermall, layout_shoals, serial_shops, shop,
          uniq_polyphemus
Shoals:4: shoals_end_hellmonk_storm_palace [storm_palace_center_circular,
          storm_palace_corner_altar, storm_palace_corner_grid,
          storm_palace_corner_narrow, storm_palace_corner_altar]
Spider:1: layout_chambers, spiders_nest_hornet_nest
Spider:2: layout_cave_pods
Spider:3: layout_spider_delve, hangedman_spider_tarantella_strand
Spider:4: hellmonk_spider_rune_bug_friends, uniq_arachne
Orc:1:    layout_diamond_mine, nicolae_shop_firing_range
Orc:2:    grunt_orc_tribal_feast, layout_caves, basic_altar, serial_shops,
          nicolae_shop_statue_plus, shop, nicolae_shop_hallway_stairs,
          nicolae_square_shop, enter_volcano_1
Elf:1:    gammafunk_its_a_trap, layout_rooms, nicolae_wwwww, drop_trap
Elf:2:    elven_hall_of_blades_hangedman_alternative [nicolae_blade_bullseye],
          layout_gridlike, portal_ice_cave_entry_pillars_2, grunt_megastairs_4
Elf:3:    grunt_elf_hall_branching, layout_loops_cross, uniq_saint_roka,
          uniq_louise
Vaults:1: hangedman_vaults_capsules, ontoclasm_vaults_misaligned,
          nicolae_vaults_fighting_squares, v_misc_4, vaults_mumra_minichess,
          nicolae_vaults_little_squares_6, vaults_dpeg_encased_lava,
          layout_vaults_quadrants, serial_shops, nicolae_shop_crystal
Vaults:2: minmay_crypt_entry_necro_gods, v_alt_pattern_1, grunt_vaults_twisty,
          v_misc_14, ontoclasm_vaults_twist, vaults_room_semicircle,
          ontoclasm_vaults_ring_large, v_alt_pattern_2, ontoclasm_vaults_bender,
          nicolae_vaults_asterisk, vaults_room_corners,
          layout_vaults_chaotic_city, serial_shops, shop
Vaults:3: vaults_mumra_chevron, hangedman_vaults_stagger,
          nicolae_vaults_ninety_degrees, v_misc_1,
          nicolae_vaults_lopsided_apartments, hangedman_vaults_locks,
          grunt_vaults_swirl, nicolae_vaults_border_crossing, vaults_dpeg_cross,
          nicolae_vaults_circle_grid_a, nicolae_vaults_specimen_jars,
          nicolae_vaults_little_squares_3, layout_vaults_omnibox, serial_shops,
          nicolae_shop_overgrown_old_shop, uniq_zenata
Vaults:4: v_misc_3, vaults_mumra_chevron_long, nicolae_vaults_circle_grid_a,
          vaults_mumra_minichess_inversion, v_rooms_6,
          nicolae_vaults_shelves_hall, v_alt_pattern_6, v_misc_27,
          nicolae_vaults_little_squares_1, vaults_mumra_hex, v_alt_pattern_3,
          vaults_room_pools, ontoclasm_vaults_loading_screen, vaults_dpeg_ring,
          layout_vaults_maze_snakey, serial_shops, shop, nicolae_diamond_shop,
          nicolae_shop_waterfront
Depths:1: minmay_thinvault, layout_gridville, enter_ziggurat_f,
          nemelex_spade_bored_becter, hell_entry, serial_shops,
          nicolae_shop_bloodbath_and_beyond, ebering_dispersal_statue_hall,
          ashenzari_conservatory_becter
Depths:2: cheibrodos_poisonous_passages, layout_gridlike, chequers_big_river,
          grunt_mini_vestibule, rand_demon_pan_entry_5, kennysheep_doodads,
          led_xom_imps, minmay_staircase_statues, firewood_loft
Depths:3: minmay_triangles_in_corner, layout_gridlike, minmay_splitting_lines,
          hell_entry, abyss_entry, minmay_staircase_windowed_small,
          serial_bayou_shore_b, uniq_enchantress

Skill      XL: |  1  2  3  4  5  6  7  8  9 10 11 12 13 14 15 16 17 18 19 20 21 22 |
---------------+-------------------------------------------------------------------+-----
Stealth        | 1 3 4 5 6 7 8 10 13 16 18 19 21 22 | 22.0
Short Blades   | 4 5 6 7 8 10 12 14 | 14.0
Hexes          | 1 2 4 6 8 10 13 15 17 21 22 | 22.0
Shields        | 3 5 8 10 11 13 15 | 15.4
Fighting       | 3 6 8 10 | 10.0
Dodging        | 4 7 10 | 10.0
Armour         | 6 8 10 | 10.0
Summonings     | 2 7 9 12 15 17 18 21 22 | 22.2
Spellcasting   | 6 9 10 | 10.0
Conjurations   | |  2.1

Action                   |  1- 3 |  4- 6 |  7- 9 | 10-12 | 13-15 | 16-18 | 19-21 | 22-24 || total
-------------------------+-------+-------+-------+-------+-------+-------+-------+-------++-------
Melee: Short sword       |    16 |       |       |       |       |       |       |       ||    16
       Dagger            |   124 |   278 |   500 |   893 |  1944 |       |       |       ||  3739
       Bite              |    10 |    26 |    65 |   134 |   367 |   438 |   490 |     7 ||  1537
       Punch             |       |     4 |     2 |       |       |       |       |       ||     6
       Rapier            |       |       |       |       |   285 |  2237 |  2396 |    42 ||  4960
Throw: Dart              |       |    10 |     8 |    61 |    29 |    27 |     8 |       ||   143
 Cast: Confusing Touch   |       |       |    30 |    96 |   215 |   196 |   142 |       ||   679
       Enfeeble          |       |       |       |       |       |       |   141 |     7 ||   148
       Summon Mana Viper |       |       |       |       |       |       |    12 |     1 ||    13
       Summon Horrible T |       |       |       |       |       |       |       |     1 ||     1
Evoke: Wand              |       |       |    15 |    18 |    25 |    20 |       |       ||    78
       Condenser vane    |       |       |       |       |     1 |     1 |       |       ||     2
       Phial of floods   |       |       |       |       |       |     1 |     1 |       ||     2
  Use: Scroll            |       |       |       |    11 |    12 |     9 |     4 |     4 ||    40
       Potion            |       |       |       |       |     5 |    11 |     3 |     4 ||    23
 Stab: Sleeping          |     4 |     8 |    12 |    27 |    60 |    53 |    71 |     1 ||   236
       Distracted        |     1 |       |     3 |    10 |    10 |    29 |    37 |     1 ||    91
       Confused          |       |       |    12 |    77 |   156 |   181 |   148 |       ||   574
       Petrified         |       |       |       |       |     3 |       |       |       ||     3
       Fleeing           |       |       |       |       |       |       |     1 |       ||     1
       Invisible         |       |       |       |       |       |       |   111 |     6 ||   117
Armor: Leather armour    |    30 |    57 |    76 |    17 |   109 |       |       |       ||   289
       Robe              |       |       |    32 |    98 |    78 |       |     9 |       ||   217
       Chain mail        |       |       |       |       |   237 |   257 |       |       ||   494
       Scale mail        |       |       |       |       |       |   145 |   394 |    11 ||   550
Dodge: Dodged            |    64 |   105 |   224 |   225 |   621 |   619 |   678 |    28 ||  2564
Block: Other             |       |    47 |    39 |       |       |       |       |       ||    86
       Reflection        |       |     1 |     6 |    10 |    73 |    90 |   107 |     2 ||   289
       Buckler           |       |       |   141 |   149 |       |       |       |       ||   290
       Kite shield       |       |       |       |   334 |  1615 |  1729 |  1862 |    52 ||  5592

Table legend: (Time is in decaauts)
 A = Elapsed time spent in this place.
 B = Non-inter-level travel time spent in this place.
 C = Inter-level travel time spent in this place.
 D = Time resting spent in this place.
 E = Time spent auto-exploring this place.
 F = Levels seen in this place.
 G = Mean time per level.
                   A        B        C        D        E       F      G
               +--------+--------+--------+--------+--------+-----+--------+
         Total |  62645 |  58346 |   4299 |   4495 |  36912 |  45 | 1392.1 |
       Dungeon |  18047 |  16053 |   1994 |    752 |  10817 |  15 | 1203.1 |
        Temple |    140 |    122 |     18 |      0 |    111 |   1 |  140.0 |
          Lair |   8734 |   8084 |    650 |    659 |   5191 |   5 | 1746.8 |
        Shoals |   5966 |   5664 |    302 |    518 |   3297 |   4 | 1491.5 |
   Spider Nest |   7462 |   7037 |    425 |   1061 |   4136 |   4 | 1865.5 |
  Orcish Mines |   2043 |   1810 |    233 |    117 |   1086 |   2 | 1021.5 |
   Elven Halls |   3216 |   3007 |    209 |    136 |   1930 |   3 | 1072.0 |
        Vaults |   7656 |   7356 |    300 |    281 |   5172 |   4 | 1914.0 |
        Depths |   5695 |   5531 |    164 |    409 |   3893 |   3 | 1898.3 |
       Ossuary |    339 |    339 |      0 |      0 |    121 |   1 |  339.0 |
        Bailey |   1855 |   1855 |      0 |    386 |    478 |   1 | 1855.0 |
      Ice Cave |    986 |    986 |      0 |    159 |    366 |   1 |  986.0 |
       Volcano |    502 |    502 |      0 |     16 |    313 |   1 |  502.0 |
               +--------+--------+--------+--------+--------+-----+--------+

Top non-repeatable levels by time:
Depths:1: 3207 daAuts
  Lair:5: 2958 daAuts
Depths:2: 2462 daAuts
Spider:1: 2333 daAuts
Spider:4: 2210 daAuts
Vaults:2: 2147 daAuts
    D:13: 2086 daAuts
    D:15: 2076 daAuts
    D:11: 1999 daAuts
Vaults:1: 1967 daAuts
Spider:3: 1963 daAuts
Vaults:3: 1905 daAuts
   Elf:3: 1890 daAuts
  Bailey: 1855 daAuts
  Lair:4: 1813 daAuts
